Workbook
Name _2.1Boholes_and_pump_Stations2: #REF!
Name a: #REF!
Name Activo: #REF!
Name adaptors: #REF!
Name Aducción: #REF!
Name airvalves: #REF!
Name asa: '[1]H2O TREATMENT PLANT SITE(4.1)'!#REF!
Name Assumed_Yard_Connection_Growth_Rate: #REF!
Name bends: #REF!
Name blankflange: #REF!
Name butterflyvalves: #REF!
Name code: '[2]fitting rates'!$A$4:$G$223
Name Comunidad: #REF!
Name COST: #REF!
Name cover: #REF!
Name CurrentProblems: '[3]Raw Data'!$AM1
Name data: [2]list!$AG$8:$EW$23
Name Date: '[3]Raw Data'!$B1
Name DFlange: #REF!
Name Distrito: #REF!
Name DownMoreThan1Day: '[3]Raw Data'!$AG1
Name Elevation: '[3]Raw Data'!$F1
Name EnoughWaterEveryDay: '[3]Raw Data'!$AA1
Name Estado_de_Activo: #REF!
Name ewrw: #REF!
Name Excel_BuiltIn__FilterDatabase_5: #REF!
Name fac: #REF!
Name fact: #REF!
Name facto: #REF!
Name factor: #REF!
Name factors: #REF!
Name FinancialRecords: '[3]Raw Data'!$AY1
Name Flangespig: #REF!
Name Fuente_abasto: #REF!
Name gatevalves: #REF!
Name Geo_1: '[3]Raw Data'!$H1
Name Geo_2: '[3]Government Standards'!$A$3
Name Geo_3: '[3]Raw Data'!$J1
Name Geo_4: #REF!
Name Geo_5: '[3]Raw Data'!$K1
Name GovernmentNumberOfUsers: '[3]Government Standards'!$B$3
Name High_Income_estimated_l_c_d: [4]Assumptions!$B$52:$S$52
Name High_Income_p_h: [4]Assumptions!$B$60:$IV$60
Name High_Income_tariff: [4]Assumptions!$B$39:$S$39
Name HowManyNoAccess: '[3]Raw Data'!$V1
Name Improved: '[3]Raw Data'!$Q1
Name inserts: #REF!
Name Instance_ID: '[3]Raw Data'!$A1
Name junctions: #REF!
Name ladders: #REF!
Name Lat: '[3]Raw Data'!$D1
Name Long: '[3]Raw Data'!$E1
Name Masindi_conversion_rate: #REF!
Name Micromedic: #REF!
Name Municipio: #REF!
Name mwUws: #REF!
Name name: #REF!
Name NearbySpareParts: '[3]Raw Data'!$BG1
Name NewUsers: '[3]Raw Data'!$BJ1
Name Nivel_Pobreza: #REF!

Sheet 1-Instructions

Sheet 2- Data Entry
A2: Water For People - World Water CorpsTM
A3: Box 1: General Information
A4: Current year:
A5: Inflation rate:
A7: Box 2: General Information, Community and System | D7: Box 5: Information on System Investment Costs
A8: Country: | D8: Year of initial construction: | H8: Legend
A9: Province: | D9: Major components | E9: Cost | F9: Year of initial or most recent construction | H9: Fill Out
A10: District/Municipality: | D10: Connecting Rods | J10: Data Entry
A11: Sector-Community: | D11: Pump Head with handle
A12: Households in the community | D12: Water tank | J12: Reference values from technical documents | N12: `
A13: Households connected to the system | D13: Rising Mains (Pipes)
A14: People per household | D14: Pedestal
A15: Population growth rate | D15: Cylinder
A16: Type of system: | D16: Platform | H16: Do Not Fill Out
A17: Responsible party from O&M: | D17: Drain | J17: This cell is a formula | O17: Fixed Tariff
A18: Flow rate (liters per second): | D18: Soak Pit | O18: Price per m3
A19: Liters required daily per capita: | D19: Shed | J19: If information is not available, leave cells blank | O19: Other
A20: Total population of the community (2017): | B20: =B12*B14 -> 0
A21: Population served (2017): | B21: =B13*B14 -> 0 | D21: Minor Components | E21: Cost | F21: Year of initial or most recent construction
A22: New members allowed | D22: Bucket/Washer
A23: Lifetime of system design | D23: Lower and Upper Valves
D24: Connecting Rods
D25: Rising Main (Pipe) & Socket
A26: ="Box 3: Income Information in "&B4 -> Box 3: Income Information in | D26: Shed / Fence
A27: Average monthly household income | D27: Soak Pit with a polythene paper
A28: Type of tariff system | D28: Bolts and Nuts
A29: If fixed tariff, what is the monthly tariff? | D29: Greasing
A30: If price per m3, what is the price per m3? | D30: Chain
A31: If price per m3, what is the average monthly consumption per household? | D31: Bearings
A32: If other, what is the average monthly tariff paid?
A33: ="Monthly tariff: "&B4 -> Monthly tariff: | B33: =IF(B28="Fixed tariff",B29,IF(B28="Price per m3",B30*B31,B32)) -> 0
A34: Percentage of members in compliance with tariff payment | D34: Total Costs - Initial Capital | E34: =SUM(E10:E33) -> 0
A35: ="Cost of new connection: "&B4 -> Cost of new connection:
A36: Make adjustments for inflation
A37: Income from fees from the previous year
A38: Income from emergency quotas from the previous year | D38: Box 6: Information on Community Contributions
A39: Bank balance | D39: Expected contribution for major replacements:
A40: Interest rate from bank savings account | D40: Expected contribution for minor replacements:
A41: Other savings (petty cash
A42: Amount of current loans
A43: Interest rate charged by committee if loans are given out (annual) | D43: Box 7: Analysis of Point of Equilibrium
A44: Contribution per family for future replacements (value in country currency) | D44: Year in which balance should be reached
D45: ="Amount in reserve at end of year "&E44 -> Amount in reserve at end of year | E45: =HLOOKUP('2- Data Entry'!E44,'4-Summary Income & Expenditures'!C30:X32,3) -> #DIV/0!
A46: ="Box 4: Information on Annual Operation and Maintenance Expenditures in "&$B$4 -> Box 4: Information on Annual Operation and Maintenance Expenditures in
A47: Maintenance Labour - Repair & Replacement
A48: Transport
A49: Communication and Stationery
A50: Care taker fees (30%)
A51: Payment to Sub-county Account (20%)
A52: Subscription to HPMA (10%)
K92: ='4-Summary Income & Expenditures'!J5-'4-Summary Income & Expenditures'!I5 -> #DIV/0!

Sheet 3-Cost Projections
B1: Water For People - World Water CorpsTM
B2: AtWhatCost - Cost Details | H2: Year of Initial System Contruction: | I2: ='2- Data Entry'!$E$8 -> 0
H3: Current Year: | I3: ='2- Data Entry'!$B$4 -> 0
B5: Table 2.1: Minor Operation and Maintenance Costs
H6: ='2- Data Entry'!B4 -> 0 | I6: =H6+1 -> 1 | J6: =I6+1 -> 2 | K6: =J6+1 -> 3 | L6: =K6+1 -> 4 | M6: =L6+1 -> 5 | N6: =M6+1 -> 6 | O6: =N6+1 -> 7 | P6: =O6+1 -> 8 | ... AV6: =AU6+1 -> 40
H7: =H6-'2- Data Entry'!$E$8 -> 0 | I7: =H7+1 -> 1 | J7: =I7+1 -> 2 | K7: =J7+1 -> 3 | L7: =K7+1 -> 4 | M7: =L7+1 -> 5 | N7: =M7+1 -> 6 | O7: =N7+1 -> 7 | P7: =O7+1 -> 8 | ... AV7: =AU7+1 -> 40
B8: Operation costs
B9: ='2- Data Entry'!A47 -> Maintenance Labour - Repair & Replacement | H9: ='2- Data Entry'!B47 -> 0 | I9: ='3-Cost Projections'!H9*(1+'2- Data Entry'!$B$5) -> 0 | J9: =I9*(1+'2- Data Entry'!$B$5) -> 0 | K9: =J9*(1+'2- Data Entry'!$B$5) -> 0 | L9: =K9*(1+'2- Data Entry'!$B$5) -> 0 | M9: =L9*(1+'2- Data Entry'!$B$5) -> 0 | N9: =M9*(1+'2- Data Entry'!$B$5) -> 0 | O9: =N9*(1+'2- Data Entry'!$B$5) -> 0 | P9: =O9*(1+'2- Data Entry'!$B$5) -> 0 | Q9: =P9*(1+'2- Data Entry'!$B$5) -> 0 | ... AV9: =AU9*(1+'2- Data Entry'!$B$5) -> 0
B10: ='2- Data Entry'!A48 -> Transport | H10: ='2- Data Entry'!B48 -> 0 | I10: ='3-Cost Projections'!H10*(1+'2- Data Entry'!$B$5) -> 0 | J10: =I10*(1+'2- Data Entry'!$B$5) -> 0 | K10: =J10*(1+'2- Data Entry'!$B$5) -> 0 | L10: =K10*(1+'2- Data Entry'!$B$5) -> 0 | M10: =L10*(1+'2- Data Entry'!$B$5) -> 0 | N10: =M10*(1+'2- Data Entry'!$B$5) -> 0 | O10: =N10*(1+'2- Data Entry'!$B$5) -> 0 | P10: =O10*(1+'2- Data Entry'!$B$5) -> 0 | Q10: =P10*(1+'2- Data Entry'!$B$5) -> 0 | ... AV10: =AU10*(1+'2- Data Entry'!$B$5) -> 0
B11: ='2- Data Entry'!A49 -> Communication and Stationery | H11: ='2- Data Entry'!B49 -> 0 | I11: ='3-Cost Projections'!H11*(1+'2- Data Entry'!$B$5) -> 0 | J11: =I11*(1+'2- Data Entry'!$B$5) -> 0 | K11: =J11*(1+'2- Data Entry'!$B$5) -> 0 | L11: =K11*(1+'2- Data Entry'!$B$5) -> 0 | M11: =L11*(1+'2- Data Entry'!$B$5) -> 0 | N11: =M11*(1+'2- Data Entry'!$B$5) -> 0 | O11: =N11*(1+'2- Data Entry'!$B$5) -> 0 | P11: =O11*(1+'2- Data Entry'!$B$5) -> 0 | Q11: =P11*(1+'2- Data Entry'!$B$5) -> 0 | ... AV11: =AU11*(1+'2- Data Entry'!$B$5) -> 0
B12: ='2- Data Entry'!A50 -> Care taker fees (30%) | H12: ='2- Data Entry'!B50 -> 0 | I12: ='3-Cost Projections'!H12*(1+'2- Data Entry'!$B$5) -> 0 | J12: =I12*(1+'2- Data Entry'!$B$5) -> 0 | K12: =J12*(1+'2- Data Entry'!$B$5) -> 0 | L12: =K12*(1+'2- Data Entry'!$B$5) -> 0 | M12: =L12*(1+'2- Data Entry'!$B$5) -> 0 | N12: =M12*(1+'2- Data Entry'!$B$5) -> 0 | O12: =N12*(1+'2- Data Entry'!$B$5) -> 0 | P12: =O12*(1+'2- Data Entry'!$B$5) -> 0 | Q12: =P12*(1+'2- Data Entry'!$B$5) -> 0 | ... AV12: =AU12*(1+'2- Data Entry'!$B$5) -> 0
B13: ='2- Data Entry'!A51 -> Payment to Sub-county Account (20%) | H13: ='2- Data Entry'!B51 -> 0 | I13: ='3-Cost Projections'!H13*(1+'2- Data Entry'!$B$5) -> 0 | J13: ='3-Cost Projections'!I13*(1+'2- Data Entry'!$B$5) -> 0 | K13: ='3-Cost Projections'!J13*(1+'2- Data Entry'!$B$5) -> 0 | L13: ='3-Cost Projections'!K13*(1+'2- Data Entry'!$B$5) -> 0 | M13: ='3-Cost Projections'!L13*(1+'2- Data Entry'!$B$5) -> 0 | N13: ='3-Cost Projections'!M13*(1+'2- Data Entry'!$B$5) -> 0 | O13: ='3-Cost Projections'!N13*(1+'2- Data Entry'!$B$5) -> 0 | P13: ='3-Cost Projections'!O13*(1+'2- Data Entry'!$B$5) -> 0 | ... AV13: ='3-Cost Projections'!AU13*(1+'2- Data Entry'!$B$5) -> 0
B14: ='2- Data Entry'!A52 -> Subscription to HPMA (10%) | H14: ='2- Data Entry'!B52 -> 0 | I14: ='3-Cost Projections'!H14*(1+'2- Data Entry'!$B$5) -> 0 | J14: =I14*(1+'2- Data Entry'!$B$5) -> 0 | K14: =J14*(1+'2- Data Entry'!$B$5) -> 0 | L14: =K14*(1+'2- Data Entry'!$B$5) -> 0 | M14: =L14*(1+'2- Data Entry'!$B$5) -> 0 | N14: =M14*(1+'2- Data Entry'!$B$5) -> 0 | O14: =N14*(1+'2- Data Entry'!$B$5) -> 0 | P14: =O14*(1+'2- Data Entry'!$B$5) -> 0 | Q14: =P14*(1+'2- Data Entry'!$B$5) -> 0 | ... AV14: =AU14*(1+'2- Data Entry'!$B$5) -> 0
B15: ='2- Data Entry'!#REF! -> #REF! | H15: ='2- Data Entry'!#REF! -> #REF! | I15: ='3-Cost Projections'!H15*(1+'2- Data Entry'!$B$5) -> #REF! | J15: ='3-Cost Projections'!I15*(1+'2- Data Entry'!$B$5) -> #REF! | K15: ='3-Cost Projections'!J15*(1+'2- Data Entry'!$B$5) -> #REF! | L15: ='3-Cost Projections'!K15*(1+'2- Data Entry'!$B$5) -> #REF! | M15: ='3-Cost Projections'!L15*(1+'2- Data Entry'!$B$5) -> #REF! | N15: ='3-Cost Projections'!M15*(1+'2- Data Entry'!$B$5) -> #REF! | O15: ='3-Cost Projections'!N15*(1+'2- Data Entry'!$B$5) -> #REF! | P15: ='3-Cost Projections'!O15*(1+'2- Data Entry'!$B$5) -> #REF! | ... AV15: ='3-Cost Projections'!AU15*(1+'2- Data Entry'!$B$5) -> #REF!
B16: ='2- Data Entry'!#REF! -> #REF! | H16: ='2- Data Entry'!#REF! -> #REF! | I16: ='3-Cost Projections'!H16*(1+'2- Data Entry'!$B$5) -> #REF! | J16: =I16*(1+'2- Data Entry'!$B$5) -> #REF! | K16: =J16*(1+'2- Data Entry'!$B$5) -> #REF! | L16: =K16*(1+'2- Data Entry'!$B$5) -> #REF! | M16: =L16*(1+'2- Data Entry'!$B$5) -> #REF! | N16: =M16*(1+'2- Data Entry'!$B$5) -> #REF! | O16: =N16*(1+'2- Data Entry'!$B$5) -> #REF! | P16: =O16*(1+'2- Data Entry'!$B$5) -> #REF! | Q16: =P16*(1+'2- Data Entry'!$B$5) -> #REF! | ... AV16: =AU16*(1+'2- Data Entry'!$B$5) -> #REF!
B17: ='2- Data Entry'!#REF! -> #REF! | H17: ='2- Data Entry'!#REF! -> #REF! | I17: ='3-Cost Projections'!H17*(1+'2- Data Entry'!$B$5) -> #REF! | J17: ='3-Cost Projections'!I17*(1+'2- Data Entry'!$B$5) -> #REF! | K17: ='3-Cost Projections'!J17*(1+'2- Data Entry'!$B$5) -> #REF! | L17: ='3-Cost Projections'!K17*(1+'2- Data Entry'!$B$5) -> #REF! | M17: ='3-Cost Projections'!L17*(1+'2- Data Entry'!$B$5) -> #REF! | N17: ='3-Cost Projections'!M17*(1+'2- Data Entry'!$B$5) -> #REF! | O17: ='3-Cost Projections'!N17*(1+'2- Data Entry'!$B$5) -> #REF! | P17: ='3-Cost Projections'!O17*(1+'2- Data Entry'!$B$5) -> #REF! | ... AV17: ='3-Cost Projections'!AU17*(1+'2- Data Entry'!$B$5) -> #REF!
B18: Sub-Total operation costs | H18: =SUM(H$9:H17) -> #REF! | I18: =SUM(I$9:I17) -> #REF! | J18: =SUM(J$9:J17) -> #REF! | K18: =SUM(K$9:K17) -> #REF! | L18: =SUM(L$9:L17) -> #REF! | M18: =SUM(M$9:M17) -> #REF! | N18: =SUM(N$9:N17) -> #REF! | O18: =SUM(O$9:O17) -> #REF! | ... AV18: =SUM(AV$9:AV17) -> #REF!
B20: Cost of maintenance and minor replacements
C21: Year of Investment | F21: Cost of CAPYS | G21: Time of Replacement | H21: ='2- Data Entry'!$B$4 -> 0 | I21: =H21+1 -> 1 | J21: =I21+1 -> 2 | K21: =J21+1 -> 3 | L21: =K21+1 -> 4 | M21: =L21+1 -> 5 | N21: =M21+1 -> 6 | O21: =N21+1 -> 7 | P21: =O21+1 -> 8 | ... AV21: =AU21+1 -> 40
B22: ='2- Data Entry'!D22 -> Bucket/Washer | C22: =IF(ISNUMBER('2- Data Entry'!F22),'2- Data Entry'!F22,) -> 0 | F22: ='2- Data Entry'!E22*'2- Data Entry'!$E$40 -> 0 | G22: ='6-Reference Data'!B3 -> 0.5 | H22: =IF(OR((H$21=$C22+$G22),(H$21=$C22+$G22*2),(H$21=$C22+$G22*3),(H$21=$C22+$G22*4),(H$21=$C22+$G22*5),(H$21=$C22+$G22*6),(H$21=$C22+$G22*7),(H$21=$C22+$G22*8),(H$21=$C22+$G22*9),(H$21=$C22+$G22*10),(H$21=$C22+$G22*11),(H$21=$C22+$G22*12),(H$21=$C22+$G22*13),(H$21=$C22+$G22*14)),$F22*((1+'2- Data Entry'!$B$5)^('3-Cost Projections'!H$21-'3-Cost Projections'!$C22)),0) -> 0 | I22: =IF(OR((I$21=$C22+$G22),(I$21=$C22+$G22*2),(I$21=$C22+$G22*3),(I$21=$C22+$G22*4),(I$21=$C22+$G22*5),(I$21=$C22+$G22*6),(I$21=$C22+$G22*7),(I$21=$C22+$G22*8),(I$21=$C22+$G22*9),(I$21=$C22+$G22*10),(I$21=$C22+$G22*11),(I$21=$C22+$G22*12),(I$21=$C22+$G22*13),(I$21=$C22+$G22*14)),$F22*((1+'2- Data Entry'!$B$5)^('3-Cost Projections'!I$21-'3-Cost Projections'!$C22)),0) -> 0 | J22: =IF(OR((J$21=$C22+$G22),(J$21=$C22+$G22*2),(J$21=$C22+$G22*3),(J$21=$C22+$G22*4),(J$21=$C22+$G22*5),(J$21=$C22+$G22*6),(J$21=$C22+$G22*7),(J$21=$C22+$G22*8),(J$21=$C22+$G22*9),(J$21=$C22+$G22*10),(J$21=$C22+$G22*11),(J$21=$C22+$G22*12),(J$21=$C22+$G22*13),(J$21=$C22+$G22*14)),$F22*((1+'2- Data Entry'!$B$5)^('3-Cost Projections'!J$21-'3-Cost Projections'!$C22)),0) -> 0 | K22: =IF(OR((K$21=$C22+$G22),(K$21=$C22+$G22*2),(K$21=$C22+$G22*3),(K$21=$C22+$G22*4),(K$21=$C22+$G22*5),(K$21=$C22+$G22*6),(K$21=$C22+$G22*7),(K$21=$C22+$G22*8),(K$21=$C22+$G22*9),(K$21=$C22+$G22*10),(K$21=$C22+$G22*11),(K$21=$C22+$G22*12),(K$21=$C22+$G22*13),(K$21=$C22+$G22*14)),$F22*((1+'2- Data Entry'!$B$5)^('3-Cost Projections'!K$21-'3-Cost Projections'!$C22)),0) -> 0 | L22: =IF(OR((L$21=$C22+$G22),(L$21=$C22+$G22*2),(L$21=$C22+$G22*3),(L$21=$C22+$G22*4),(L$21=$C22+$G22*5),(L$21=$C22+$G22*6),(L$21=$C22+$G22*7),(L$21=$C22+$G22*8),(L$21=$C22+$G22*9),(L$21=$C22+$G22*10),(L$21=$C22+$G22*11),(L$21=$C22+$G22*12),(L$21=$C22+$G22*13),(L$21=$C22+$G22*14)),$F22*((1+'2- Data Entry'!$B$5)^('3-Cost Projections'!L$21-'3-Cost Projections'!$C22)),0) -> 0 | M22: =IF(OR((M$21=$C22+$G22),(M$21=$C22+$G22*2),(M$21=$C22+$G22*3),(M$21=$C22+$G22*4),(M$21=$C22+$G22*5),(M$21=$C22+$G22*6),(M$21=$C22+$G22*7),(M$21=$C22+$G22*8),(M$21=$C22+$G22*9),(M$21=$C22+$G22*10),(M$21=$C22+$G22*11),(M$21=$C22+$G22*12),(M$21=$C22+$G22*13),(M$21=$C22+$G22*14)),$F22*((1+'2- Data Entry'!$B$5)^('3-Cost Projections'!M$21-'3-Cost Projections'!$C22)),0) -> 0 | N22: =IF(OR((N$21=$C22+$G22),(N$21=$C22+$G22*2),(N$21=$C22+$G22*3),(N$21=$C22+$G22*4),(N$21=$C22+$G22*5),(N$21=$C22+$G22*6),(N$21=$C22+$G22*7),(N$21=$C22+$G22*8),(N$21=$C22+$G22*9),(N$21=$C22+$G22*10),(N$21=$C22+$G22*11),(N$21=$C22+$G22*12),(N$21=$C22+$G22*13),(N$21=$C22+$G22*14)),$F22*((1+'2- Data Entry'!$B$5)^('3-Cost Projections'!N$21-'3-Cost Projections'!$C22)),0) -> 0 | O22: =IF(OR((O$21=$C22+$G22),(O$21=$C22+$G22*2),(O$21=$C22+$G22*3),(O$21=$C22+$G22*4),(O$21=$C22+$G22*5),(O$21=$C22+$G22*6),(O$21=$C22+$G22*7),(O$21=$C22+$G22*8),(O$21=$C22+$G22*9),(O$21=$C22+$G22*10),(O$21=$C22+$G22*11),(O$21=$C22+$G22*12),(O$21=$C22+$G22*13),(O$21=$C22+$G22*14)),$F22*((1+'2- Data Entry'!$B$5)^('3-Cost Projections'!O$21-'3-Cost Projections'!$C22)),0) -> 0 | ... AV22: =IF(OR((AV$21=$C22+$G22),(AV$21=$C22+$G22*2),(AV$21=$C22+$G22*3),(AV$21=$C22+$G22*4),(AV$21=$C22+$G22*5),(AV$21=$C22+$G22*6),(AV$21=$C22+$G22*7),(AV$21=$C22+$G22*8),(AV$21=$C22+$G22*9),(AV$21=$C22+$G22*10),(AV$21=$C22+$G22*11),(AV$21=$C22+$G22*12),(AV$21=$C22+$G22*13),(AV$21=$C22+$G22*14)),$F22*((1+'2- Data Entry'!$B$5)^('3-Cost Projections'!AV$21-'3-Cost Projections'!$C22)),0) -> 0
B23: ='2- Data Entry'!D23 -> Lower and Upper Valves | C23: =IF(ISNUMBER('2- Data Entry'!F23),'2- Data Entry'!F23,) -> 0 | F23: ='2- Data Entry'!E23*'2- Data Entry'!$E$40 -> 0 | G23: ='6-Reference Data'!B4 -> 0.5 | H23: =IF(OR((H$21=$C23+$G23),(H$21=$C23+$G23*2),(H$21=$C23+$G23*3),(H$21=$C23+$G23*4),(H$21=$C23+$G23*5),(H$21=$C23+$G23*6),(H$21=$C23+$G23*7),(H$21=$C23+$G23*8),(H$21=$C23+$G23*9),(H$21=$C23+$G23*10),(H$21=$C23+$G23*11),(H$21=$C23+$G23*12),(H$21=$C23+$G23*13),(H$21=$C23+$G23*14)),$F23*((1+'2- Data Entry'!$B$5)^('3-Cost Projections'!H$21-'3-Cost Projections'!$C23)),0) -> 0 | I23: =IF(OR((I$21=$C23+$G23),(I$21=$C23+$G23*2),(I$21=$C23+$G23*3),(I$21=$C23+$G23*4),(I$21=$C23+$G23*5),(I$21=$C23+$G23*6),(I$21=$C23+$G23*7),(I$21=$C23+$G23*8),(I$21=$C23+$G23*9),(I$21=$C23+$G23*10),(I$21=$C23+$G23*11),(I$21=$C23+$G23*12),(I$21=$C23+$G23*13),(I$21=$C23+$G23*14)),$F23*((1+'2- Data Entry'!$B$5)^('3-Cost Projections'!I$21-'3-Cost Projections'!$C23)),0) -> 0 | J23: =IF(OR((J$21=$C23+$G23),(J$21=$C23+$G23*2),(J$21=$C23+$G23*3),(J$21=$C23+$G23*4),(J$21=$C23+$G23*5),(J$21=$C23+$G23*6),(J$21=$C23+$G23*7),(J$21=$C23+$G23*8),(J$21=$C23+$G23*9),(J$21=$C23+$G23*10),(J$21=$C23+$G23*11),(J$21=$C23+$G23*12),(J$21=$C23+$G23*13),(J$21=$C23+$G23*14)),$F23*((1+'2- Data Entry'!$B$5)^('3-Cost Projections'!J$21-'3-Cost Projections'!$C23)),0) -> 0 | K23: =IF(OR((K$21=$C23+$G23),(K$21=$C23+$G23*2),(K$21=$C23+$G23*3),(K$21=$C23+$G23*4),(K$21=$C23+$G23*5),(K$21=$C23+$G23*6),(K$21=$C23+$G23*7),(K$21=$C23+$G23*8),(K$21=$C23+$G23*9),(K$21=$C23+$G23*10),(K$21=$C23+$G23*11),(K$21=$C23+$G23*12),(K$21=$C23+$G23*13),(K$21=$C23+$G23*14)),$F23*((1+'2- Data Entry'!$B$5)^('3-Cost Projections'!K$21-'3-Cost Projections'!$C23)),0) -> 0 | L23: =IF(OR((L$21=$C23+$G23),(L$21=$C23+$G23*2),(L$21=$C23+$G23*3),(L$21=$C23+$G23*4),(L$21=$C23+$G23*5),(L$21=$C23+$G23*6),(L$21=$C23+$G23*7),(L$21=$C23+$G23*8),(L$21=$C23+$G23*9),(L$21=$C23+$G23*10),(L$21=$C23+$G23*11),(L$21=$C23+$G23*12),(L$21=$C23+$G23*13),(L$21=$C23+$G23*14)),$F23*((1+'2- Data Entry'!$B$5)^('3-Cost Projections'!L$21-'3-Cost Projections'!$C23)),0) -> 0 | M23: =IF(OR((M$21=$C23+$G23),(M$21=$C23+$G23*2),(M$21=$C23+$G23*3),(M$21=$C23+$G23*4),(M$21=$C23+$G23*5),(M$21=$C23+$G23*6),(M$21=$C23+$G23*7),(M$21=$C23+$G23*8),(M$21=$C23+$G23*9),(M$21=$C23+$G23*10),(M$21=$C23+$G23*11),(M$21=$C23+$G23*12),(M$21=$C23+$G23*13),(M$21=$C23+$G23*14)),$F23*((1+'2- Data Entry'!$B$5)^('3-Cost Projections'!M$21-'3-Cost Projections'!$C23)),0) -> 0 | N23: =IF(OR((N$21=$C23+$G23),(N$21=$C23+$G23*2),(N$21=$C23+$G23*3),(N$21=$C23+$G23*4),(N$21=$C23+$G23*5),(N$21=$C23+$G23*6),(N$21=$C23+$G23*7),(N$21=$C23+$G23*8),(N$21=$C23+$G23*9),(N$21=$C23+$G23*10),(N$21=$C23+$G23*11),(N$21=$C23+$G23*12),(N$21=$C23+$G23*13),(N$21=$C23+$G23*14)),$F23*((1+'2- Data Entry'!$B$5)^('3-Cost Projections'!N$21-'3-Cost Projections'!$C23)),0) -> 0 | O23: =IF(OR((O$21=$C23+$G23),(O$21=$C23+$G23*2),(O$21=$C23+$G23*3),(O$21=$C23+$G23*4),(O$21=$C23+$G23*5),(O$21=$C23+$G23*6),(O$21=$C23+$G23*7),(O$21=$C23+$G23*8),(O$21=$C23+$G23*9),(O$21=$C23+$G23*10),(O$21=$C23+$G23*11),(O$21=$C23+$G23*12),(O$21=$C23+$G23*13),(O$21=$C23+$G23*14)),$F23*((1+'2- Data Entry'!$B$5)^('3-Cost Projections'!O$21-'3-Cost Projections'!$C23)),0) -> 0 | ... AV23: =IF(OR((AV$21=$C23+$G23),(AV$21=$C23+$G23*2),(AV$21=$C23+$G23*3),(AV$21=$C23+$G23*4),(AV$21=$C23+$G23*5),(AV$21=$C23+$G23*6),(AV$21=$C23+$G23*7),(AV$21=$C23+$G23*8),(AV$21=$C23+$G23*9),(AV$21=$C23+$G23*10),(AV$21=$C23+$G23*11),(AV$21=$C23+$G23*12),(AV$21=$C23+$G23*13),(AV$21=$C23+$G23*14)),$F23*((1+'2- Data Entry'!$B$5)^('3-Cost Projections'!AV$21-'3-Cost Projections'!$C23)),0) -> 0
B24: ='2- Data Entry'!D24 -> Connecting Rods | C24: =IF(ISNUMBER('2- Data Entry'!F24),'2- Data Entry'!F24,) -> 0 | F24: ='2- Data Entry'!E24*'2- Data Entry'!$E$40 -> 0 | G24: ='6-Reference Data'!B5 -> 0.5 | H24: =IF(OR((H$21=$C24+$G24),(H$21=$C24+$G24*2),(H$21=$C24+$G24*3),(H$21=$C24+$G24*4),(H$21=$C24+$G24*5),(H$21=$C24+$G24*6),(H$21=$C24+$G24*7),(H$21=$C24+$G24*8),(H$21=$C24+$G24*9),(H$21=$C24+$G24*10),(H$21=$C24+$G24*11),(H$21=$C24+$G24*12),(H$21=$C24+$G24*13),(H$21=$C24+$G24*14)),$F24*((1+'2- Data Entry'!$B$5)^('3-Cost Projections'!H$21-'3-Cost Projections'!$C24)),0) -> 0 | I24: =IF(OR((I$21=$C24+$G24),(I$21=$C24+$G24*2),(I$21=$C24+$G24*3),(I$21=$C24+$G24*4),(I$21=$C24+$G24*5),(I$21=$C24+$G24*6),(I$21=$C24+$G24*7),(I$21=$C24+$G24*8),(I$21=$C24+$G24*9),(I$21=$C24+$G24*10),(I$21=$C24+$G24*11),(I$21=$C24+$G24*12),(I$21=$C24+$G24*13),(I$21=$C24+$G24*14)),$F24*((1+'2- Data Entry'!$B$5)^('3-Cost Projections'!I$21-'3-Cost Projections'!$C24)),0) -> 0 | J24: =IF(OR((J$21=$C24+$G24),(J$21=$C24+$G24*2),(J$21=$C24+$G24*3),(J$21=$C24+$G24*4),(J$21=$C24+$G24*5),(J$21=$C24+$G24*6),(J$21=$C24+$G24*7),(J$21=$C24+$G24*8),(J$21=$C24+$G24*9),(J$21=$C24+$G24*10),(J$21=$C24+$G24*11),(J$21=$C24+$G24*12),(J$21=$C24+$G24*13),(J$21=$C24+$G24*14)),$F24*((1+'2- Data Entry'!$B$5)^('3-Cost Projections'!J$21-'3-Cost Projections'!$C24)),0) -> 0 | K24: =IF(OR((K$21=$C24+$G24),(K$21=$C24+$G24*2),(K$21=$C24+$G24*3),(K$21=$C24+$G24*4),(K$21=$C24+$G24*5),(K$21=$C24+$G24*6),(K$21=$C24+$G24*7),(K$21=$C24+$G24*8),(K$21=$C24+$G24*9),(K$21=$C24+$G24*10),(K$21=$C24+$G24*11),(K$21=$C24+$G24*12),(K$21=$C24+$G24*13),(K$21=$C24+$G24*14)),$F24*((1+'2- Data Entry'!$B$5)^('3-Cost Projections'!K$21-'3-Cost Projections'!$C24)),0) -> 0 | L24: =IF(OR((L$21=$C24+$G24),(L$21=$C24+$G24*2),(L$21=$C24+$G24*3),(L$21=$C24+$G24*4),(L$21=$C24+$G24*5),(L$21=$C24+$G24*6),(L$21=$C24+$G24*7),(L$21=$C24+$G24*8),(L$21=$C24+$G24*9),(L$21=$C24+$G24*10),(L$21=$C24+$G24*11),(L$21=$C24+$G24*12),(L$21=$C24+$G24*13),(L$21=$C24+$G24*14)),$F24*((1+'2- Data Entry'!$B$5)^('3-Cost Projections'!L$21-'3-Cost Projections'!$C24)),0) -> 0 | M24: =IF(OR((M$21=$C24+$G24),(M$21=$C24+$G24*2),(M$21=$C24+$G24*3),(M$21=$C24+$G24*4),(M$21=$C24+$G24*5),(M$21=$C24+$G24*6),(M$21=$C24+$G24*7),(M$21=$C24+$G24*8),(M$21=$C24+$G24*9),(M$21=$C24+$G24*10),(M$21=$C24+$G24*11),(M$21=$C24+$G24*12),(M$21=$C24+$G24*13),(M$21=$C24+$G24*14)),$F24*((1+'2- Data Entry'!$B$5)^('3-Cost Projections'!M$21-'3-Cost Projections'!$C24)),0) -> 0 | N24: =IF(OR((N$21=$C24+$G24),(N$21=$C24+$G24*2),(N$21=$C24+$G24*3),(N$21=$C24+$G24*4),(N$21=$C24+$G24*5),(N$21=$C24+$G24*6),(N$21=$C24+$G24*7),(N$21=$C24+$G24*8),(N$21=$C24+$G24*9),(N$21=$C24+$G24*10),(N$21=$C24+$G24*11),(N$21=$C24+$G24*12),(N$21=$C24+$G24*13),(N$21=$C24+$G24*14)),$F24*((1+'2- Data Entry'!$B$5)^('3-Cost Projections'!N$21-'3-Cost Projections'!$C24)),0) -> 0 | O24: =IF(OR((O$21=$C24+$G24),(O$21=$C24+$G24*2),(O$21=$C24+$G24*3),(O$21=$C24+$G24*4),(O$21=$C24+$G24*5),(O$21=$C24+$G24*6),(O$21=$C24+$G24*7),(O$21=$C24+$G24*8),(O$21=$C24+$G24*9),(O$21=$C24+$G24*10),(O$21=$C24+$G24*11),(O$21=$C24+$G24*12),(O$21=$C24+$G24*13),(O$21=$C24+$G24*14)),$F24*((1+'2- Data Entry'!$B$5)^('3-Cost Projections'!O$21-'3-Cost Projections'!$C24)),0) -> 0 | ... AV24: =IF(OR((AV$21=$C24+$G24),(AV$21=$C24+$G24*2),(AV$21=$C24+$G24*3),(AV$21=$C24+$G24*4),(AV$21=$C24+$G24*5),(AV$21=$C24+$G24*6),(AV$21=$C24+$G24*7),(AV$21=$C24+$G24*8),(AV$21=$C24+$G24*9),(AV$21=$C24+$G24*10),(AV$21=$C24+$G24*11),(AV$21=$C24+$G24*12),(AV$21=$C24+$G24*13),(AV$21=$C24+$G24*14)),$F24*((1+'2- Data Entry'!$B$5)^('3-Cost Projections'!AV$21-'3-Cost Projections'!$C24)),0) -> 0
B25: ='2- Data Entry'!D25 -> Rising Main (Pipe) & Socket | C25: =IF(ISNUMBER('2- Data Entry'!F25),'2- Data Entry'!F25,) -> 0 | F25: ='2- Data Entry'!E25*'2- Data Entry'!$E$40 -> 0 | G25: ='6-Reference Data'!B6 -> 0.5 | H25: =IF(OR((H$21=$C25+$G25),(H$21=$C25+$G25*2),(H$21=$C25+$G25*3),(H$21=$C25+$G25*4),(H$21=$C25+$G25*5),(H$21=$C25+$G25*6),(H$21=$C25+$G25*7),(H$21=$C25+$G25*8),(H$21=$C25+$G25*9),(H$21=$C25+$G25*10),(H$21=$C25+$G25*11),(H$21=$C25+$G25*12),(H$21=$C25+$G25*13),(H$21=$C25+$G25*14)),$F25*((1+'2- Data Entry'!$B$5)^('3-Cost Projections'!H$21-'3-Cost Projections'!$C25)),0) -> 0 | I25: =IF(OR((I$21=$C25+$G25),(I$21=$C25+$G25*2),(I$21=$C25+$G25*3),(I$21=$C25+$G25*4),(I$21=$C25+$G25*5),(I$21=$C25+$G25*6),(I$21=$C25+$G25*7),(I$21=$C25+$G25*8),(I$21=$C25+$G25*9),(I$21=$C25+$G25*10),(I$21=$C25+$G25*11),(I$21=$C25+$G25*12),(I$21=$C25+$G25*13),(I$21=$C25+$G25*14)),$F25*((1+'2- Data Entry'!$B$5)^('3-Cost Projections'!I$21-'3-Cost Projections'!$C25)),0) -> 0 | J25: =IF(OR((J$21=$C25+$G25),(J$21=$C25+$G25*2),(J$21=$C25+$G25*3),(J$21=$C25+$G25*4),(J$21=$C25+$G25*5),(J$21=$C25+$G25*6),(J$21=$C25+$G25*7),(J$21=$C25+$G25*8),(J$21=$C25+$G25*9),(J$21=$C25+$G25*10),(J$21=$C25+$G25*11),(J$21=$C25+$G25*12),(J$21=$C25+$G25*13),(J$21=$C25+$G25*14)),$F25*((1+'2- Data Entry'!$B$5)^('3-Cost Projections'!J$21-'3-Cost Projections'!$C25)),0) -> 0 | K25: =IF(OR((K$21=$C25+$G25),(K$21=$C25+$G25*2),(K$21=$C25+$G25*3),(K$21=$C25+$G25*4),(K$21=$C25+$G25*5),(K$21=$C25+$G25*6),(K$21=$C25+$G25*7),(K$21=$C25+$G25*8),(K$21=$C25+$G25*9),(K$21=$C25+$G25*10),(K$21=$C25+$G25*11),(K$21=$C25+$G25*12),(K$21=$C25+$G25*13),(K$21=$C25+$G25*14)),$F25*((1+'2- Data Entry'!$B$5)^('3-Cost Projections'!K$21-'3-Cost Projections'!$C25)),0) -> 0 | L25: =IF(OR((L$21=$C25+$G25),(L$21=$C25+$G25*2),(L$21=$C25+$G25*3),(L$21=$C25+$G25*4),(L$21=$C25+$G25*5),(L$21=$C25+$G25*6),(L$21=$C25+$G25*7),(L$21=$C25+$G25*8),(L$21=$C25+$G25*9),(L$21=$C25+$G25*10),(L$21=$C25+$G25*11),(L$21=$C25+$G25*12),(L$21=$C25+$G25*13),(L$21=$C25+$G25*14)),$F25*((1+'2- Data Entry'!$B$5)^('3-Cost Projections'!L$21-'3-Cost Projections'!$C25)),0) -> 0 | M25: =IF(OR((M$21=$C25+$G25),(M$21=$C25+$G25*2),(M$21=$C25+$G25*3),(M$21=$C25+$G25*4),(M$21=$C25+$G25*5),(M$21=$C25+$G25*6),(M$21=$C25+$G25*7),(M$21=$C25+$G25*8),(M$21=$C25+$G25*9),(M$21=$C25+$G25*10),(M$21=$C25+$G25*11),(M$21=$C25+$G25*12),(M$21=$C25+$G25*13),(M$21=$C25+$G25*14)),$F25*((1+'2- Data Entry'!$B$5)^('3-Cost Projections'!M$21-'3-Cost Projections'!$C25)),0) -> 0 | N25: =IF(OR((N$21=$C25+$G25),(N$21=$C25+$G25*2),(N$21=$C25+$G25*3),(N$21=$C25+$G25*4),(N$21=$C25+$G25*5),(N$21=$C25+$G25*6),(N$21=$C25+$G25*7),(N$21=$C25+$G25*8),(N$21=$C25+$G25*9),(N$21=$C25+$G25*10),(N$21=$C25+$G25*11),(N$21=$C25+$G25*12),(N$21=$C25+$G25*13),(N$21=$C25+$G25*14)),$F25*((1+'2- Data Entry'!$B$5)^('3-Cost Projections'!N$21-'3-Cost Projections'!$C25)),0) -> 0 | O25: =IF(OR((O$21=$C25+$G25),(O$21=$C25+$G25*2),(O$21=$C25+$G25*3),(O$21=$C25+$G25*4),(O$21=$C25+$G25*5),(O$21=$C25+$G25*6),(O$21=$C25+$G25*7),(O$21=$C25+$G25*8),(O$21=$C25+$G25*9),(O$21=$C25+$G25*10),(O$21=$C25+$G25*11),(O$21=$C25+$G25*12),(O$21=$C25+$G25*13),(O$21=$C25+$G25*14)),$F25*((1+'2- Data Entry'!$B$5)^('3-Cost Projections'!O$21-'3-Cost Projections'!$C25)),0) -> 0 | ... AV25: =IF(OR((AV$21=$C25+$G25),(AV$21=$C25+$G25*2),(AV$21=$C25+$G25*3),(AV$21=$C25+$G25*4),(AV$21=$C25+$G25*5),(AV$21=$C25+$G25*6),(AV$21=$C25+$G25*7),(AV$21=$C25+$G25*8),(AV$21=$C25+$G25*9),(AV$21=$C25+$G25*10),(AV$21=$C25+$G25*11),(AV$21=$C25+$G25*12),(AV$21=$C25+$G25*13),(AV$21=$C25+$G25*14)),$F25*((1+'2- Data Entry'!$B$5)^('3-Cost Projections'!AV$21-'3-Cost Projections'!$C25)),0) -> 0
B26: ='2- Data Entry'!D26 -> Shed / Fence | C26: =IF(ISNUMBER('2- Data Entry'!F26),'2- Data Entry'!F26,) -> 0 | F26: ='2- Data Entry'!E26*'2- Data Entry'!$E$40 -> 0 | G26: ='6-Reference Data'!B7 -> 0.5 | H26: =IF(OR((H$21=$C26+$G26),(H$21=$C26+$G26*2),(H$21=$C26+$G26*3),(H$21=$C26+$G26*4),(H$21=$C26+$G26*5),(H$21=$C26+$G26*6),(H$21=$C26+$G26*7),(H$21=$C26+$G26*8),(H$21=$C26+$G26*9),(H$21=$C26+$G26*10),(H$21=$C26+$G26*11),(H$21=$C26+$G26*12),(H$21=$C26+$G26*13),(H$21=$C26+$G26*14)),$F26*((1+'2- Data Entry'!$B$5)^('3-Cost Projections'!H$21-'3-Cost Projections'!$C26)),0) -> 0 | I26: =IF(OR((I$21=$C26+$G26),(I$21=$C26+$G26*2),(I$21=$C26+$G26*3),(I$21=$C26+$G26*4),(I$21=$C26+$G26*5),(I$21=$C26+$G26*6),(I$21=$C26+$G26*7),(I$21=$C26+$G26*8),(I$21=$C26+$G26*9),(I$21=$C26+$G26*10),(I$21=$C26+$G26*11),(I$21=$C26+$G26*12),(I$21=$C26+$G26*13),(I$21=$C26+$G26*14)),$F26*((1+'2- Data Entry'!$B$5)^('3-Cost Projections'!I$21-'3-Cost Projections'!$C26)),0) -> 0 | J26: =IF(OR((J$21=$C26+$G26),(J$21=$C26+$G26*2),(J$21=$C26+$G26*3),(J$21=$C26+$G26*4),(J$21=$C26+$G26*5),(J$21=$C26+$G26*6),(J$21=$C26+$G26*7),(J$21=$C26+$G26*8),(J$21=$C26+$G26*9),(J$21=$C26+$G26*10),(J$21=$C26+$G26*11),(J$21=$C26+$G26*12),(J$21=$C26+$G26*13),(J$21=$C26+$G26*14)),$F26*((1+'2- Data Entry'!$B$5)^('3-Cost Projections'!J$21-'3-Cost Projections'!$C26)),0) -> 0 | K26: =IF(OR((K$21=$C26+$G26),(K$21=$C26+$G26*2),(K$21=$C26+$G26*3),(K$21=$C26+$G26*4),(K$21=$C26+$G26*5),(K$21=$C26+$G26*6),(K$21=$C26+$G26*7),(K$21=$C26+$G26*8),(K$21=$C26+$G26*9),(K$21=$C26+$G26*10),(K$21=$C26+$G26*11),(K$21=$C26+$G26*12),(K$21=$C26+$G26*13),(K$21=$C26+$G26*14)),$F26*((1+'2- Data Entry'!$B$5)^('3-Cost Projections'!K$21-'3-Cost Projections'!$C26)),0) -> 0 | L26: =IF(OR((L$21=$C26+$G26),(L$21=$C26+$G26*2),(L$21=$C26+$G26*3),(L$21=$C26+$G26*4),(L$21=$C26+$G26*5),(L$21=$C26+$G26*6),(L$21=$C26+$G26*7),(L$21=$C26+$G26*8),(L$21=$C26+$G26*9),(L$21=$C26+$G26*10),(L$21=$C26+$G26*11),(L$21=$C26+$G26*12),(L$21=$C26+$G26*13),(L$21=$C26+$G26*14)),$F26*((1+'2- Data Entry'!$B$5)^('3-Cost Projections'!L$21-'3-Cost Projections'!$C26)),0) -> 0 | M26: =IF(OR((M$21=$C26+$G26),(M$21=$C26+$G26*2),(M$21=$C26+$G26*3),(M$21=$C26+$G26*4),(M$21=$C26+$G26*5),(M$21=$C26+$G26*6),(M$21=$C26+$G26*7),(M$21=$C26+$G26*8),(M$21=$C26+$G26*9),(M$21=$C26+$G26*10),(M$21=$C26+$G26*11),(M$21=$C26+$G26*12),(M$21=$C26+$G26*13),(M$21=$C26+$G26*14)),$F26*((1+'2- Data Entry'!$B$5)^('3-Cost Projections'!M$21-'3-Cost Projections'!$C26)),0) -> 0 | N26: =IF(OR((N$21=$C26+$G26),(N$21=$C26+$G26*2),(N$21=$C26+$G26*3),(N$21=$C26+$G26*4),(N$21=$C26+$G26*5),(N$21=$C26+$G26*6),(N$21=$C26+$G26*7),(N$21=$C26+$G26*8),(N$21=$C26+$G26*9),(N$21=$C26+$G26*10),(N$21=$C26+$G26*11),(N$21=$C26+$G26*12),(N$21=$C26+$G26*13),(N$21=$C26+$G26*14)),$F26*((1+'2- Data Entry'!$B$5)^('3-Cost Projections'!N$21-'3-Cost Projections'!$C26)),0) -> 0 | O26: =IF(OR((O$21=$C26+$G26),(O$21=$C26+$G26*2),(O$21=$C26+$G26*3),(O$21=$C26+$G26*4),(O$21=$C26+$G26*5),(O$21=$C26+$G26*6),(O$21=$C26+$G26*7),(O$21=$C26+$G26*8),(O$21=$C26+$G26*9),(O$21=$C26+$G26*10),(O$21=$C26+$G26*11),(O$21=$C26+$G26*12),(O$21=$C26+$G26*13),(O$21=$C26+$G26*14)),$F26*((1+'2- Data Entry'!$B$5)^('3-Cost Projections'!O$21-'3-Cost Projections'!$C26)),0) -> 0 | ... AV26: =IF(OR((AV$21=$C26+$G26),(AV$21=$C26+$G26*2),(AV$21=$C26+$G26*3),(AV$21=$C26+$G26*4),(AV$21=$C26+$G26*5),(AV$21=$C26+$G26*6),(AV$21=$C26+$G26*7),(AV$21=$C26+$G26*8),(AV$21=$C26+$G26*9),(AV$21=$C26+$G26*10),(AV$21=$C26+$G26*11),(AV$21=$C26+$G26*12),(AV$21=$C26+$G26*13),(AV$21=$C26+$G26*14)),$F26*((1+'2- Data Entry'!$B$5)^('3-Cost Projections'!AV$21-'3-Cost Projections'!$C26)),0) -> 0
B27: ='2- Data Entry'!D27 -> Soak Pit with a polythene paper | C27: =IF(ISNUMBER('2- Data Entry'!F27),'2- Data Entry'!F27,) -> 0 | F27: ='2- Data Entry'!E27*'2- Data Entry'!$E$40 -> 0 | G27: ='6-Reference Data'!B8 -> 0.5 | H27: =IF(OR((H$21=$C27+$G27),(H$21=$C27+$G27*2),(H$21=$C27+$G27*3),(H$21=$C27+$G27*4),(H$21=$C27+$G27*5),(H$21=$C27+$G27*6),(H$21=$C27+$G27*7),(H$21=$C27+$G27*8),(H$21=$C27+$G27*9),(H$21=$C27+$G27*10),(H$21=$C27+$G27*11),(H$21=$C27+$G27*12),(H$21=$C27+$G27*13),(H$21=$C27+$G27*14)),$F27*((1+'2- Data Entry'!$B$5)^('3-Cost Projections'!H$21-'3-Cost Projections'!$C27)),0) -> 0 | I27: =IF(OR((I$21=$C27+$G27),(I$21=$C27+$G27*2),(I$21=$C27+$G27*3),(I$21=$C27+$G27*4),(I$21=$C27+$G27*5),(I$21=$C27+$G27*6),(I$21=$C27+$G27*7),(I$21=$C27+$G27*8),(I$21=$C27+$G27*9),(I$21=$C27+$G27*10),(I$21=$C27+$G27*11),(I$21=$C27+$G27*12),(I$21=$C27+$G27*13),(I$21=$C27+$G27*14)),$F27*((1+'2- Data Entry'!$B$5)^('3-Cost Projections'!I$21-'3-Cost Projections'!$C27)),0) -> 0 | J27: =IF(OR((J$21=$C27+$G27),(J$21=$C27+$G27*2),(J$21=$C27+$G27*3),(J$21=$C27+$G27*4),(J$21=$C27+$G27*5),(J$21=$C27+$G27*6),(J$21=$C27+$G27*7),(J$21=$C27+$G27*8),(J$21=$C27+$G27*9),(J$21=$C27+$G27*10),(J$21=$C27+$G27*11),(J$21=$C27+$G27*12),(J$21=$C27+$G27*13),(J$21=$C27+$G27*14)),$F27*((1+'2- Data Entry'!$B$5)^('3-Cost Projections'!J$21-'3-Cost Projections'!$C27)),0) -> 0 | K27: =IF(OR((K$21=$C27+$G27),(K$21=$C27+$G27*2),(K$21=$C27+$G27*3),(K$21=$C27+$G27*4),(K$21=$C27+$G27*5),(K$21=$C27+$G27*6),(K$21=$C27+$G27*7),(K$21=$C27+$G27*8),(K$21=$C27+$G27*9),(K$21=$C27+$G27*10),(K$21=$C27+$G27*11),(K$21=$C27+$G27*12),(K$21=$C27+$G27*13),(K$21=$C27+$G27*14)),$F27*((1+'2- Data Entry'!$B$5)^('3-Cost Projections'!K$21-'3-Cost Projections'!$C27)),0) -> 0 | L27: =IF(OR((L$21=$C27+$G27),(L$21=$C27+$G27*2),(L$21=$C27+$G27*3),(L$21=$C27+$G27*4),(L$21=$C27+$G27*5),(L$21=$C27+$G27*6),(L$21=$C27+$G27*7),(L$21=$C27+$G27*8),(L$21=$C27+$G27*9),(L$21=$C27+$G27*10),(L$21=$C27+$G27*11),(L$21=$C27+$G27*12),(L$21=$C27+$G27*13),(L$21=$C27+$G27*14)),$F27*((1+'2- Data Entry'!$B$5)^('3-Cost Projections'!L$21-'3-Cost Projections'!$C27)),0) -> 0 | M27: =IF(OR((M$21=$C27+$G27),(M$21=$C27+$G27*2),(M$21=$C27+$G27*3),(M$21=$C27+$G27*4),(M$21=$C27+$G27*5),(M$21=$C27+$G27*6),(M$21=$C27+$G27*7),(M$21=$C27+$G27*8),(M$21=$C27+$G27*9),(M$21=$C27+$G27*10),(M$21=$C27+$G27*11),(M$21=$C27+$G27*12),(M$21=$C27+$G27*13),(M$21=$C27+$G27*14)),$F27*((1+'2- Data Entry'!$B$5)^('3-Cost Projections'!M$21-'3-Cost Projections'!$C27)),0) -> 0 | N27: =IF(OR((N$21=$C27+$G27),(N$21=$C27+$G27*2),(N$21=$C27+$G27*3),(N$21=$C27+$G27*4),(N$21=$C27+$G27*5),(N$21=$C27+$G27*6),(N$21=$C27+$G27*7),(N$21=$C27+$G27*8),(N$21=$C27+$G27*9),(N$21=$C27+$G27*10),(N$21=$C27+$G27*11),(N$21=$C27+$G27*12),(N$21=$C27+$G27*13),(N$21=$C27+$G27*14)),$F27*((1+'2- Data Entry'!$B$5)^('3-Cost Projections'!N$21-'3-Cost Projections'!$C27)),0) -> 0 | O27: =IF(OR((O$21=$C27+$G27),(O$21=$C27+$G27*2),(O$21=$C27+$G27*3),(O$21=$C27+$G27*4),(O$21=$C27+$G27*5),(O$21=$C27+$G27*6),(O$21=$C27+$G27*7),(O$21=$C27+$G27*8),(O$21=$C27+$G27*9),(O$21=$C27+$G27*10),(O$21=$C27+$G27*11),(O$21=$C27+$G27*12),(O$21=$C27+$G27*13),(O$21=$C27+$G27*14)),$F27*((1+'2- Data Entry'!$B$5)^('3-Cost Projections'!O$21-'3-Cost Projections'!$C27)),0) -> 0 | ... AV27: =IF(OR((AV$21=$C27+$G27),(AV$21=$C27+$G27*2),(AV$21=$C27+$G27*3),(AV$21=$C27+$G27*4),(AV$21=$C27+$G27*5),(AV$21=$C27+$G27*6),(AV$21=$C27+$G27*7),(AV$21=$C27+$G27*8),(AV$21=$C27+$G27*9),(AV$21=$C27+$G27*10),(AV$21=$C27+$G27*11),(AV$21=$C27+$G27*12),(AV$21=$C27+$G27*13),(AV$21=$C27+$G27*14)),$F27*((1+'2- Data Entry'!$B$5)^('3-Cost Projections'!AV$21-'3-Cost Projections'!$C27)),0) -> 0
B28: ='2- Data Entry'!D28 -> Bolts and Nuts | C28: =IF(ISNUMBER('2- Data Entry'!F28),'2- Data Entry'!F28,) -> 0 | F28: ='2- Data Entry'!E28*'2- Data Entry'!$E$40 -> 0 | G28: ='6-Reference Data'!B9 -> 0.5 | H28: =IF(OR((H$21=$C28+$G28),(H$21=$C28+$G28*2),(H$21=$C28+$G28*3),(H$21=$C28+$G28*4),(H$21=$C28+$G28*5),(H$21=$C28+$G28*6),(H$21=$C28+$G28*7),(H$21=$C28+$G28*8),(H$21=$C28+$G28*9),(H$21=$C28+$G28*10),(H$21=$C28+$G28*11),(H$21=$C28+$G28*12),(H$21=$C28+$G28*13),(H$21=$C28+$G28*14)),$F28*((1+'2- Data Entry'!$B$5)^('3-Cost Projections'!H$21-'3-Cost Projections'!$C28)),0) -> 0 | I28: =IF(OR((I$21=$C28+$G28),(I$21=$C28+$G28*2),(I$21=$C28+$G28*3),(I$21=$C28+$G28*4),(I$21=$C28+$G28*5),(I$21=$C28+$G28*6),(I$21=$C28+$G28*7),(I$21=$C28+$G28*8),(I$21=$C28+$G28*9),(I$21=$C28+$G28*10),(I$21=$C28+$G28*11),(I$21=$C28+$G28*12),(I$21=$C28+$G28*13),(I$21=$C28+$G28*14)),$F28*((1+'2- Data Entry'!$B$5)^('3-Cost Projections'!I$21-'3-Cost Projections'!$C28)),0) -> 0 | J28: =IF(OR((J$21=$C28+$G28),(J$21=$C28+$G28*2),(J$21=$C28+$G28*3),(J$21=$C28+$G28*4),(J$21=$C28+$G28*5),(J$21=$C28+$G28*6),(J$21=$C28+$G28*7),(J$21=$C28+$G28*8),(J$21=$C28+$G28*9),(J$21=$C28+$G28*10),(J$21=$C28+$G28*11),(J$21=$C28+$G28*12),(J$21=$C28+$G28*13),(J$21=$C28+$G28*14)),$F28*((1+'2- Data Entry'!$B$5)^('3-Cost Projections'!J$21-'3-Cost Projections'!$C28)),0) -> 0 | K28: =IF(OR((K$21=$C28+$G28),(K$21=$C28+$G28*2),(K$21=$C28+$G28*3),(K$21=$C28+$G28*4),(K$21=$C28+$G28*5),(K$21=$C28+$G28*6),(K$21=$C28+$G28*7),(K$21=$C28+$G28*8),(K$21=$C28+$G28*9),(K$21=$C28+$G28*10),(K$21=$C28+$G28*11),(K$21=$C28+$G28*12),(K$21=$C28+$G28*13),(K$21=$C28+$G28*14)),$F28*((1+'2- Data Entry'!$B$5)^('3-Cost Projections'!K$21-'3-Cost Projections'!$C28)),0) -> 0 | L28: =IF(OR((L$21=$C28+$G28),(L$21=$C28+$G28*2),(L$21=$C28+$G28*3),(L$21=$C28+$G28*4),(L$21=$C28+$G28*5),(L$21=$C28+$G28*6),(L$21=$C28+$G28*7),(L$21=$C28+$G28*8),(L$21=$C28+$G28*9),(L$21=$C28+$G28*10),(L$21=$C28+$G28*11),(L$21=$C28+$G28*12),(L$21=$C28+$G28*13),(L$21=$C28+$G28*14)),$F28*((1+'2- Data Entry'!$B$5)^('3-Cost Projections'!L$21-'3-Cost Projections'!$C28)),0) -> 0 | M28: =IF(OR((M$21=$C28+$G28),(M$21=$C28+$G28*2),(M$21=$C28+$G28*3),(M$21=$C28+$G28*4),(M$21=$C28+$G28*5),(M$21=$C28+$G28*6),(M$21=$C28+$G28*7),(M$21=$C28+$G28*8),(M$21=$C28+$G28*9),(M$21=$C28+$G28*10),(M$21=$C28+$G28*11),(M$21=$C28+$G28*12),(M$21=$C28+$G28*13),(M$21=$C28+$G28*14)),$F28*((1+'2- Data Entry'!$B$5)^('3-Cost Projections'!M$21-'3-Cost Projections'!$C28)),0) -> 0 | N28: =IF(OR((N$21=$C28+$G28),(N$21=$C28+$G28*2),(N$21=$C28+$G28*3),(N$21=$C28+$G28*4),(N$21=$C28+$G28*5),(N$21=$C28+$G28*6),(N$21=$C28+$G28*7),(N$21=$C28+$G28*8),(N$21=$C28+$G28*9),(N$21=$C28+$G28*10),(N$21=$C28+$G28*11),(N$21=$C28+$G28*12),(N$21=$C28+$G28*13),(N$21=$C28+$G28*14)),$F28*((1+'2- Data Entry'!$B$5)^('3-Cost Projections'!N$21-'3-Cost Projections'!$C28)),0) -> 0 | O28: =IF(OR((O$21=$C28+$G28),(O$21=$C28+$G28*2),(O$21=$C28+$G28*3),(O$21=$C28+$G28*4),(O$21=$C28+$G28*5),(O$21=$C28+$G28*6),(O$21=$C28+$G28*7),(O$21=$C28+$G28*8),(O$21=$C28+$G28*9),(O$21=$C28+$G28*10),(O$21=$C28+$G28*11),(O$21=$C28+$G28*12),(O$21=$C28+$G28*13),(O$21=$C28+$G28*14)),$F28*((1+'2- Data Entry'!$B$5)^('3-Cost Projections'!O$21-'3-Cost Projections'!$C28)),0) -> 0 | ... AV28: =IF(OR((AV$21=$C28+$G28),(AV$21=$C28+$G28*2),(AV$21=$C28+$G28*3),(AV$21=$C28+$G28*4),(AV$21=$C28+$G28*5),(AV$21=$C28+$G28*6),(AV$21=$C28+$G28*7),(AV$21=$C28+$G28*8),(AV$21=$C28+$G28*9),(AV$21=$C28+$G28*10),(AV$21=$C28+$G28*11),(AV$21=$C28+$G28*12),(AV$21=$C28+$G28*13),(AV$21=$C28+$G28*14)),$F28*((1+'2- Data Entry'!$B$5)^('3-Cost Projections'!AV$21-'3-Cost Projections'!$C28)),0) -> 0
B29: ='2- Data Entry'!D29 -> Greasing | C29: =IF(ISNUMBER('2- Data Entry'!F29),'2- Data Entry'!F29,) -> 0 | F29: ='2- Data Entry'!E29*'2- Data Entry'!$E$40 -> 0 | G29: ='6-Reference Data'!B10 -> 0.083333333 | H29: =IF(OR((H$21=$C29+$G29),(H$21=$C29+$G29*2),(H$21=$C29+$G29*3),(H$21=$C29+$G29*4),(H$21=$C29+$G29*5),(H$21=$C29+$G29*6),(H$21=$C29+$G29*7),(H$21=$C29+$G29*8),(H$21=$C29+$G29*9),(H$21=$C29+$G29*10),(H$21=$C29+$G29*11),(H$21=$C29+$G29*12),(H$21=$C29+$G29*13),(H$21=$C29+$G29*14)),$F29*((1+'2- Data Entry'!$B$5)^('3-Cost Projections'!H$21-'3-Cost Projections'!$C29)),0) -> 0 | I29: =IF(OR((I$21=$C29+$G29),(I$21=$C29+$G29*2),(I$21=$C29+$G29*3),(I$21=$C29+$G29*4),(I$21=$C29+$G29*5),(I$21=$C29+$G29*6),(I$21=$C29+$G29*7),(I$21=$C29+$G29*8),(I$21=$C29+$G29*9),(I$21=$C29+$G29*10),(I$21=$C29+$G29*11),(I$21=$C29+$G29*12),(I$21=$C29+$G29*13),(I$21=$C29+$G29*14)),$F29*((1+'2- Data Entry'!$B$5)^('3-Cost Projections'!I$21-'3-Cost Projections'!$C29)),0) -> 0 | J29: =IF(OR((J$21=$C29+$G29),(J$21=$C29+$G29*2),(J$21=$C29+$G29*3),(J$21=$C29+$G29*4),(J$21=$C29+$G29*5),(J$21=$C29+$G29*6),(J$21=$C29+$G29*7),(J$21=$C29+$G29*8),(J$21=$C29+$G29*9),(J$21=$C29+$G29*10),(J$21=$C29+$G29*11),(J$21=$C29+$G29*12),(J$21=$C29+$G29*13),(J$21=$C29+$G29*14)),$F29*((1+'2- Data Entry'!$B$5)^('3-Cost Projections'!J$21-'3-Cost Projections'!$C29)),0) -> 0 | K29: =IF(OR((K$21=$C29+$G29),(K$21=$C29+$G29*2),(K$21=$C29+$G29*3),(K$21=$C29+$G29*4),(K$21=$C29+$G29*5),(K$21=$C29+$G29*6),(K$21=$C29+$G29*7),(K$21=$C29+$G29*8),(K$21=$C29+$G29*9),(K$21=$C29+$G29*10),(K$21=$C29+$G29*11),(K$21=$C29+$G29*12),(K$21=$C29+$G29*13),(K$21=$C29+$G29*14)),$F29*((1+'2- Data Entry'!$B$5)^('3-Cost Projections'!K$21-'3-Cost Projections'!$C29)),0) -> 0 | L29: =IF(OR((L$21=$C29+$G29),(L$21=$C29+$G29*2),(L$21=$C29+$G29*3),(L$21=$C29+$G29*4),(L$21=$C29+$G29*5),(L$21=$C29+$G29*6),(L$21=$C29+$G29*7),(L$21=$C29+$G29*8),(L$21=$C29+$G29*9),(L$21=$C29+$G29*10),(L$21=$C29+$G29*11),(L$21=$C29+$G29*12),(L$21=$C29+$G29*13),(L$21=$C29+$G29*14)),$F29*((1+'2- Data Entry'!$B$5)^('3-Cost Projections'!L$21-'3-Cost Projections'!$C29)),0) -> 0 | M29: =IF(OR((M$21=$C29+$G29),(M$21=$C29+$G29*2),(M$21=$C29+$G29*3),(M$21=$C29+$G29*4),(M$21=$C29+$G29*5),(M$21=$C29+$G29*6),(M$21=$C29+$G29*7),(M$21=$C29+$G29*8),(M$21=$C29+$G29*9),(M$21=$C29+$G29*10),(M$21=$C29+$G29*11),(M$21=$C29+$G29*12),(M$21=$C29+$G29*13),(M$21=$C29+$G29*14)),$F29*((1+'2- Data Entry'!$B$5)^('3-Cost Projections'!M$21-'3-Cost Projections'!$C29)),0) -> 0 | N29: =IF(OR((N$21=$C29+$G29),(N$21=$C29+$G29*2),(N$21=$C29+$G29*3),(N$21=$C29+$G29*4),(N$21=$C29+$G29*5),(N$21=$C29+$G29*6),(N$21=$C29+$G29*7),(N$21=$C29+$G29*8),(N$21=$C29+$G29*9),(N$21=$C29+$G29*10),(N$21=$C29+$G29*11),(N$21=$C29+$G29*12),(N$21=$C29+$G29*13),(N$21=$C29+$G29*14)),$F29*((1+'2- Data Entry'!$B$5)^('3-Cost Projections'!N$21-'3-Cost Projections'!$C29)),0) -> 0 | O29: =IF(OR((O$21=$C29+$G29),(O$21=$C29+$G29*2),(O$21=$C29+$G29*3),(O$21=$C29+$G29*4),(O$21=$C29+$G29*5),(O$21=$C29+$G29*6),(O$21=$C29+$G29*7),(O$21=$C29+$G29*8),(O$21=$C29+$G29*9),(O$21=$C29+$G29*10),(O$21=$C29+$G29*11),(O$21=$C29+$G29*12),(O$21=$C29+$G29*13),(O$21=$C29+$G29*14)),$F29*((1+'2- Data Entry'!$B$5)^('3-Cost Projections'!O$21-'3-Cost Projections'!$C29)),0) -> 0 | ... AV29: =IF(OR((AV$21=$C29+$G29),(AV$21=$C29+$G29*2),(AV$21=$C29+$G29*3),(AV$21=$C29+$G29*4),(AV$21=$C29+$G29*5),(AV$21=$C29+$G29*6),(AV$21=$C29+$G29*7),(AV$21=$C29+$G29*8),(AV$21=$C29+$G29*9),(AV$21=$C29+$G29*10),(AV$21=$C29+$G29*11),(AV$21=$C29+$G29*12),(AV$21=$C29+$G29*13),(AV$21=$C29+$G29*14)),$F29*((1+'2- Data Entry'!$B$5)^('3-Cost Projections'!AV$21-'3-Cost Projections'!$C29)),0) -> 0
B30: ='2- Data Entry'!D30 -> Chain | C30: =IF(ISNUMBER('2- Data Entry'!F30),'2- Data Entry'!F30,) -> 0 | F30: ='2- Data Entry'!E30*'2- Data Entry'!$E$40 -> 0 | G30: ='6-Reference Data'!B11 -> 1 | H30: =IF(OR((H$21=$C30+$G30),(H$21=$C30+$G30*2),(H$21=$C30+$G30*3),(H$21=$C30+$G30*4),(H$21=$C30+$G30*5),(H$21=$C30+$G30*6),(H$21=$C30+$G30*7),(H$21=$C30+$G30*8),(H$21=$C30+$G30*9),(H$21=$C30+$G30*10),(H$21=$C30+$G30*11),(H$21=$C30+$G30*12),(H$21=$C30+$G30*13),(H$21=$C30+$G30*14)),$F30*((1+'2- Data Entry'!$B$5)^('3-Cost Projections'!H$21-'3-Cost Projections'!$C30)),0) -> 0 | I30: =IF(OR((I$21=$C30+$G30),(I$21=$C30+$G30*2),(I$21=$C30+$G30*3),(I$21=$C30+$G30*4),(I$21=$C30+$G30*5),(I$21=$C30+$G30*6),(I$21=$C30+$G30*7),(I$21=$C30+$G30*8),(I$21=$C30+$G30*9),(I$21=$C30+$G30*10),(I$21=$C30+$G30*11),(I$21=$C30+$G30*12),(I$21=$C30+$G30*13),(I$21=$C30+$G30*14)),$F30*((1+'2- Data Entry'!$B$5)^('3-Cost Projections'!I$21-'3-Cost Projections'!$C30)),0) -> 0 | J30: =IF(OR((J$21=$C30+$G30),(J$21=$C30+$G30*2),(J$21=$C30+$G30*3),(J$21=$C30+$G30*4),(J$21=$C30+$G30*5),(J$21=$C30+$G30*6),(J$21=$C30+$G30*7),(J$21=$C30+$G30*8),(J$21=$C30+$G30*9),(J$21=$C30+$G30*10),(J$21=$C30+$G30*11),(J$21=$C30+$G30*12),(J$21=$C30+$G30*13),(J$21=$C30+$G30*14)),$F30*((1+'2- Data Entry'!$B$5)^('3-Cost Projections'!J$21-'3-Cost Projections'!$C30)),0) -> 0 | K30: =IF(OR((K$21=$C30+$G30),(K$21=$C30+$G30*2),(K$21=$C30+$G30*3),(K$21=$C30+$G30*4),(K$21=$C30+$G30*5),(K$21=$C30+$G30*6),(K$21=$C30+$G30*7),(K$21=$C30+$G30*8),(K$21=$C30+$G30*9),(K$21=$C30+$G30*10),(K$21=$C30+$G30*11),(K$21=$C30+$G30*12),(K$21=$C30+$G30*13),(K$21=$C30+$G30*14)),$F30*((1+'2- Data Entry'!$B$5)^('3-Cost Projections'!K$21-'3-Cost Projections'!$C30)),0) -> 0 | L30: =IF(OR((L$21=$C30+$G30),(L$21=$C30+$G30*2),(L$21=$C30+$G30*3),(L$21=$C30+$G30*4),(L$21=$C30+$G30*5),(L$21=$C30+$G30*6),(L$21=$C30+$G30*7),(L$21=$C30+$G30*8),(L$21=$C30+$G30*9),(L$21=$C30+$G30*10),(L$21=$C30+$G30*11),(L$21=$C30+$G30*12),(L$21=$C30+$G30*13),(L$21=$C30+$G30*14)),$F30*((1+'2- Data Entry'!$B$5)^('3-Cost Projections'!L$21-'3-Cost Projections'!$C30)),0) -> 0 | M30: =IF(OR((M$21=$C30+$G30),(M$21=$C30+$G30*2),(M$21=$C30+$G30*3),(M$21=$C30+$G30*4),(M$21=$C30+$G30*5),(M$21=$C30+$G30*6),(M$21=$C30+$G30*7),(M$21=$C30+$G30*8),(M$21=$C30+$G30*9),(M$21=$C30+$G30*10),(M$21=$C30+$G30*11),(M$21=$C30+$G30*12),(M$21=$C30+$G30*13),(M$21=$C30+$G30*14)),$F30*((1+'2- Data Entry'!$B$5)^('3-Cost Projections'!M$21-'3-Cost Projections'!$C30)),0) -> 0 | N30: =IF(OR((N$21=$C30+$G30),(N$21=$C30+$G30*2),(N$21=$C30+$G30*3),(N$21=$C30+$G30*4),(N$21=$C30+$G30*5),(N$21=$C30+$G30*6),(N$21=$C30+$G30*7),(N$21=$C30+$G30*8),(N$21=$C30+$G30*9),(N$21=$C30+$G30*10),(N$21=$C30+$G30*11),(N$21=$C30+$G30*12),(N$21=$C30+$G30*13),(N$21=$C30+$G30*14)),$F30*((1+'2- Data Entry'!$B$5)^('3-Cost Projections'!N$21-'3-Cost Projections'!$C30)),0) -> 0 | O30: =IF(OR((O$21=$C30+$G30),(O$21=$C30+$G30*2),(O$21=$C30+$G30*3),(O$21=$C30+$G30*4),(O$21=$C30+$G30*5),(O$21=$C30+$G30*6),(O$21=$C30+$G30*7),(O$21=$C30+$G30*8),(O$21=$C30+$G30*9),(O$21=$C30+$G30*10),(O$21=$C30+$G30*11),(O$21=$C30+$G30*12),(O$21=$C30+$G30*13),(O$21=$C30+$G30*14)),$F30*((1+'2- Data Entry'!$B$5)^('3-Cost Projections'!O$21-'3-Cost Projections'!$C30)),0) -> 0 | ... AV30: =IF(OR((AV$21=$C30+$G30),(AV$21=$C30+$G30*2),(AV$21=$C30+$G30*3),(AV$21=$C30+$G30*4),(AV$21=$C30+$G30*5),(AV$21=$C30+$G30*6),(AV$21=$C30+$G30*7),(AV$21=$C30+$G30*8),(AV$21=$C30+$G30*9),(AV$21=$C30+$G30*10),(AV$21=$C30+$G30*11),(AV$21=$C30+$G30*12),(AV$21=$C30+$G30*13),(AV$21=$C30+$G30*14)),$F30*((1+'2- Data Entry'!$B$5)^('3-Cost Projections'!AV$21-'3-Cost Projections'!$C30)),0) -> 0
B31: ='2- Data Entry'!D31 -> Bearings | C31: =IF(ISNUMBER('2- Data Entry'!F31),'2- Data Entry'!F31,) -> 0 | F31: ='2- Data Entry'!E31*'2- Data Entry'!$E$40 -> 0 | G31: ='6-Reference Data'!B12 -> 1 | H31: =IF(OR((H$21=$C31+$G31),(H$21=$C31+$G31*2),(H$21=$C31+$G31*3),(H$21=$C31+$G31*4),(H$21=$C31+$G31*5),(H$21=$C31+$G31*6),(H$21=$C31+$G31*7),(H$21=$C31+$G31*8),(H$21=$C31+$G31*9),(H$21=$C31+$G31*10),(H$21=$C31+$G31*11),(H$21=$C31+$G31*12),(H$21=$C31+$G31*13),(H$21=$C31+$G31*14)),$F31*((1+'2- Data Entry'!$B$5)^('3-Cost Projections'!H$21-'3-Cost Projections'!$C31)),0) -> 0 | I31: =IF(OR((I$21=$C31+$G31),(I$21=$C31+$G31*2),(I$21=$C31+$G31*3),(I$21=$C31+$G31*4),(I$21=$C31+$G31*5),(I$21=$C31+$G31*6),(I$21=$C31+$G31*7),(I$21=$C31+$G31*8),(I$21=$C31+$G31*9),(I$21=$C31+$G31*10),(I$21=$C31+$G31*11),(I$21=$C31+$G31*12),(I$21=$C31+$G31*13),(I$21=$C31+$G31*14)),$F31*((1+'2- Data Entry'!$B$5)^('3-Cost Projections'!I$21-'3-Cost Projections'!$C31)),0) -> 0 | J31: =IF(OR((J$21=$C31+$G31),(J$21=$C31+$G31*2),(J$21=$C31+$G31*3),(J$21=$C31+$G31*4),(J$21=$C31+$G31*5),(J$21=$C31+$G31*6),(J$21=$C31+$G31*7),(J$21=$C31+$G31*8),(J$21=$C31+$G31*9),(J$21=$C31+$G31*10),(J$21=$C31+$G31*11),(J$21=$C31+$G31*12),(J$21=$C31+$G31*13),(J$21=$C31+$G31*14)),$F31*((1+'2- Data Entry'!$B$5)^('3-Cost Projections'!J$21-'3-Cost Projections'!$C31)),0) -> 0 | K31: =IF(OR((K$21=$C31+$G31),(K$21=$C31+$G31*2),(K$21=$C31+$G31*3),(K$21=$C31+$G31*4),(K$21=$C31+$G31*5),(K$21=$C31+$G31*6),(K$21=$C31+$G31*7),(K$21=$C31+$G31*8),(K$21=$C31+$G31*9),(K$21=$C31+$G31*10),(K$21=$C31+$G31*11),(K$21=$C31+$G31*12),(K$21=$C31+$G31*13),(K$21=$C31+$G31*14)),$F31*((1+'2- Data Entry'!$B$5)^('3-Cost Projections'!K$21-'3-Cost Projections'!$C31)),0) -> 0 | L31: =IF(OR((L$21=$C31+$G31),(L$21=$C31+$G31*2),(L$21=$C31+$G31*3),(L$21=$C31+$G31*4),(L$21=$C31+$G31*5),(L$21=$C31+$G31*6),(L$21=$C31+$G31*7),(L$21=$C31+$G31*8),(L$21=$C31+$G31*9),(L$21=$C31+$G31*10),(L$21=$C31+$G31*11),(L$21=$C31+$G31*12),(L$21=$C31+$G31*13),(L$21=$C31+$G31*14)),$F31*((1+'2- Data Entry'!$B$5)^('3-Cost Projections'!L$21-'3-Cost Projections'!$C31)),0) -> 0 | M31: =IF(OR((M$21=$C31+$G31),(M$21=$C31+$G31*2),(M$21=$C31+$G31*3),(M$21=$C31+$G31*4),(M$21=$C31+$G31*5),(M$21=$C31+$G31*6),(M$21=$C31+$G31*7),(M$21=$C31+$G31*8),(M$21=$C31+$G31*9),(M$21=$C31+$G31*10),(M$21=$C31+$G31*11),(M$21=$C31+$G31*12),(M$21=$C31+$G31*13),(M$21=$C31+$G31*14)),$F31*((1+'2- Data Entry'!$B$5)^('3-Cost Projections'!M$21-'3-Cost Projections'!$C31)),0) -> 0 | N31: =IF(OR((N$21=$C31+$G31),(N$21=$C31+$G31*2),(N$21=$C31+$G31*3),(N$21=$C31+$G31*4),(N$21=$C31+$G31*5),(N$21=$C31+$G31*6),(N$21=$C31+$G31*7),(N$21=$C31+$G31*8),(N$21=$C31+$G31*9),(N$21=$C31+$G31*10),(N$21=$C31+$G31*11),(N$21=$C31+$G31*12),(N$21=$C31+$G31*13),(N$21=$C31+$G31*14)),$F31*((1+'2- Data Entry'!$B$5)^('3-Cost Projections'!N$21-'3-Cost Projections'!$C31)),0) -> 0 | O31: =IF(OR((O$21=$C31+$G31),(O$21=$C31+$G31*2),(O$21=$C31+$G31*3),(O$21=$C31+$G31*4),(O$21=$C31+$G31*5),(O$21=$C31+$G31*6),(O$21=$C31+$G31*7),(O$21=$C31+$G31*8),(O$21=$C31+$G31*9),(O$21=$C31+$G31*10),(O$21=$C31+$G31*11),(O$21=$C31+$G31*12),(O$21=$C31+$G31*13),(O$21=$C31+$G31*14)),$F31*((1+'2- Data Entry'!$B$5)^('3-Cost Projections'!O$21-'3-Cost Projections'!$C31)),0) -> 0 | ... AV31: =IF(OR((AV$21=$C31+$G31),(AV$21=$C31+$G31*2),(AV$21=$C31+$G31*3),(AV$21=$C31+$G31*4),(AV$21=$C31+$G31*5),(AV$21=$C31+$G31*6),(AV$21=$C31+$G31*7),(AV$21=$C31+$G31*8),(AV$21=$C31+$G31*9),(AV$21=$C31+$G31*10),(AV$21=$C31+$G31*11),(AV$21=$C31+$G31*12),(AV$21=$C31+$G31*13),(AV$21=$C31+$G31*14)),$F31*((1+'2- Data Entry'!$B$5)^('3-Cost Projections'!AV$21-'3-Cost Projections'!$C31)),0) -> 0
C32: =IF(ISNUMBER('2- Data Entry'!F32),'2- Data Entry'!F32,) -> 0 | F32: ='2- Data Entry'!E32*'2- Data Entry'!$E$40 -> 0 | H32: =IF(OR((H$21=$C32+$G32),(H$21=$C32+$G32*2),(H$21=$C32+$G32*3),(H$21=$C32+$G32*4),(H$21=$C32+$G32*5),(H$21=$C32+$G32*6),(H$21=$C32+$G32*7),(H$21=$C32+$G32*8),(H$21=$C32+$G32*9),(H$21=$C32+$G32*10),(H$21=$C32+$G32*11),(H$21=$C32+$G32*12),(H$21=$C32+$G32*13),(H$21=$C32+$G32*14)),$F32*((1+'2- Data Entry'!$B$5)^('3-Cost Projections'!H$21-'3-Cost Projections'!$C32)),0) -> 0 | I32: =IF(OR((I$21=$C32+$G32),(I$21=$C32+$G32*2),(I$21=$C32+$G32*3),(I$21=$C32+$G32*4),(I$21=$C32+$G32*5),(I$21=$C32+$G32*6),(I$21=$C32+$G32*7),(I$21=$C32+$G32*8),(I$21=$C32+$G32*9),(I$21=$C32+$G32*10),(I$21=$C32+$G32*11),(I$21=$C32+$G32*12),(I$21=$C32+$G32*13),(I$21=$C32+$G32*14)),$F32*((1+'2- Data Entry'!$B$5)^('3-Cost Projections'!I$21-'3-Cost Projections'!$C32)),0) -> 0 | J32: =IF(OR((J$21=$C32+$G32),(J$21=$C32+$G32*2),(J$21=$C32+$G32*3),(J$21=$C32+$G32*4),(J$21=$C32+$G32*5),(J$21=$C32+$G32*6),(J$21=$C32+$G32*7),(J$21=$C32+$G32*8),(J$21=$C32+$G32*9),(J$21=$C32+$G32*10),(J$21=$C32+$G32*11),(J$21=$C32+$G32*12),(J$21=$C32+$G32*13),(J$21=$C32+$G32*14)),$F32*((1+'2- Data Entry'!$B$5)^('3-Cost Projections'!J$21-'3-Cost Projections'!$C32)),0) -> 0 | K32: =IF(OR((K$21=$C32+$G32),(K$21=$C32+$G32*2),(K$21=$C32+$G32*3),(K$21=$C32+$G32*4),(K$21=$C32+$G32*5),(K$21=$C32+$G32*6),(K$21=$C32+$G32*7),(K$21=$C32+$G32*8),(K$21=$C32+$G32*9),(K$21=$C32+$G32*10),(K$21=$C32+$G32*11),(K$21=$C32+$G32*12),(K$21=$C32+$G32*13),(K$21=$C32+$G32*14)),$F32*((1+'2- Data Entry'!$B$5)^('3-Cost Projections'!K$21-'3-Cost Projections'!$C32)),0) -> 0 | L32: =IF(OR((L$21=$C32+$G32),(L$21=$C32+$G32*2),(L$21=$C32+$G32*3),(L$21=$C32+$G32*4),(L$21=$C32+$G32*5),(L$21=$C32+$G32*6),(L$21=$C32+$G32*7),(L$21=$C32+$G32*8),(L$21=$C32+$G32*9),(L$21=$C32+$G32*10),(L$21=$C32+$G32*11),(L$21=$C32+$G32*12),(L$21=$C32+$G32*13),(L$21=$C32+$G32*14)),$F32*((1+'2- Data Entry'!$B$5)^('3-Cost Projections'!L$21-'3-Cost Projections'!$C32)),0) -> 0 | M32: =IF(OR((M$21=$C32+$G32),(M$21=$C32+$G32*2),(M$21=$C32+$G32*3),(M$21=$C32+$G32*4),(M$21=$C32+$G32*5),(M$21=$C32+$G32*6),(M$21=$C32+$G32*7),(M$21=$C32+$G32*8),(M$21=$C32+$G32*9),(M$21=$C32+$G32*10),(M$21=$C32+$G32*11),(M$21=$C32+$G32*12),(M$21=$C32+$G32*13),(M$21=$C32+$G32*14)),$F32*((1+'2- Data Entry'!$B$5)^('3-Cost Projections'!M$21-'3-Cost Projections'!$C32)),0) -> 0 | N32: =IF(OR((N$21=$C32+$G32),(N$21=$C32+$G32*2),(N$21=$C32+$G32*3),(N$21=$C32+$G32*4),(N$21=$C32+$G32*5),(N$21=$C32+$G32*6),(N$21=$C32+$G32*7),(N$21=$C32+$G32*8),(N$21=$C32+$G32*9),(N$21=$C32+$G32*10),(N$21=$C32+$G32*11),(N$21=$C32+$G32*12),(N$21=$C32+$G32*13),(N$21=$C32+$G32*14)),$F32*((1+'2- Data Entry'!$B$5)^('3-Cost Projections'!N$21-'3-Cost Projections'!$C32)),0) -> 0 | O32: =IF(OR((O$21=$C32+$G32),(O$21=$C32+$G32*2),(O$21=$C32+$G32*3),(O$21=$C32+$G32*4),(O$21=$C32+$G32*5),(O$21=$C32+$G32*6),(O$21=$C32+$G32*7),(O$21=$C32+$G32*8),(O$21=$C32+$G32*9),(O$21=$C32+$G32*10),(O$21=$C32+$G32*11),(O$21=$C32+$G32*12),(O$21=$C32+$G32*13),(O$21=$C32+$G32*14)),$F32*((1+'2- Data Entry'!$B$5)^('3-Cost Projections'!O$21-'3-Cost Projections'!$C32)),0) -> 0 | ... AV32: =IF(OR((AV$21=$C32+$G32),(AV$21=$C32+$G32*2),(AV$21=$C32+$G32*3),(AV$21=$C32+$G32*4),(AV$21=$C32+$G32*5),(AV$21=$C32+$G32*6),(AV$21=$C32+$G32*7),(AV$21=$C32+$G32*8),(AV$21=$C32+$G32*9),(AV$21=$C32+$G32*10),(AV$21=$C32+$G32*11),(AV$21=$C32+$G32*12),(AV$21=$C32+$G32*13),(AV$21=$C32+$G32*14)),$F32*((1+'2- Data Entry'!$B$5)^('3-Cost Projections'!AV$21-'3-Cost Projections'!$C32)),0) -> 0
C33: =IF(ISNUMBER('2- Data Entry'!F33),'2- Data Entry'!F33,) -> 0 | F33: ='2- Data Entry'!E33*'2- Data Entry'!$E$40 -> 0 | H33: =IF(OR((H$21=$C33+$G33),(H$21=$C33+$G33*2),(H$21=$C33+$G33*3),(H$21=$C33+$G33*4),(H$21=$C33+$G33*5),(H$21=$C33+$G33*6),(H$21=$C33+$G33*7),(H$21=$C33+$G33*8),(H$21=$C33+$G33*9),(H$21=$C33+$G33*10),(H$21=$C33+$G33*11),(H$21=$C33+$G33*12),(H$21=$C33+$G33*13),(H$21=$C33+$G33*14)),$F33*((1+'2- Data Entry'!$B$5)^('3-Cost Projections'!H$21-'3-Cost Projections'!$C33)),0) -> 0 | I33: =IF(OR((I$21=$C33+$G33),(I$21=$C33+$G33*2),(I$21=$C33+$G33*3),(I$21=$C33+$G33*4),(I$21=$C33+$G33*5),(I$21=$C33+$G33*6),(I$21=$C33+$G33*7),(I$21=$C33+$G33*8),(I$21=$C33+$G33*9),(I$21=$C33+$G33*10),(I$21=$C33+$G33*11),(I$21=$C33+$G33*12),(I$21=$C33+$G33*13),(I$21=$C33+$G33*14)),$F33*((1+'2- Data Entry'!$B$5)^('3-Cost Projections'!I$21-'3-Cost Projections'!$C33)),0) -> 0 | J33: =IF(OR((J$21=$C33+$G33),(J$21=$C33+$G33*2),(J$21=$C33+$G33*3),(J$21=$C33+$G33*4),(J$21=$C33+$G33*5),(J$21=$C33+$G33*6),(J$21=$C33+$G33*7),(J$21=$C33+$G33*8),(J$21=$C33+$G33*9),(J$21=$C33+$G33*10),(J$21=$C33+$G33*11),(J$21=$C33+$G33*12),(J$21=$C33+$G33*13),(J$21=$C33+$G33*14)),$F33*((1+'2- Data Entry'!$B$5)^('3-Cost Projections'!J$21-'3-Cost Projections'!$C33)),0) -> 0 | K33: =IF(OR((K$21=$C33+$G33),(K$21=$C33+$G33*2),(K$21=$C33+$G33*3),(K$21=$C33+$G33*4),(K$21=$C33+$G33*5),(K$21=$C33+$G33*6),(K$21=$C33+$G33*7),(K$21=$C33+$G33*8),(K$21=$C33+$G33*9),(K$21=$C33+$G33*10),(K$21=$C33+$G33*11),(K$21=$C33+$G33*12),(K$21=$C33+$G33*13),(K$21=$C33+$G33*14)),$F33*((1+'2- Data Entry'!$B$5)^('3-Cost Projections'!K$21-'3-Cost Projections'!$C33)),0) -> 0 | L33: =IF(OR((L$21=$C33+$G33),(L$21=$C33+$G33*2),(L$21=$C33+$G33*3),(L$21=$C33+$G33*4),(L$21=$C33+$G33*5),(L$21=$C33+$G33*6),(L$21=$C33+$G33*7),(L$21=$C33+$G33*8),(L$21=$C33+$G33*9),(L$21=$C33+$G33*10),(L$21=$C33+$G33*11),(L$21=$C33+$G33*12),(L$21=$C33+$G33*13),(L$21=$C33+$G33*14)),$F33*((1+'2- Data Entry'!$B$5)^('3-Cost Projections'!L$21-'3-Cost Projections'!$C33)),0) -> 0 | M33: =IF(OR((M$21=$C33+$G33),(M$21=$C33+$G33*2),(M$21=$C33+$G33*3),(M$21=$C33+$G33*4),(M$21=$C33+$G33*5),(M$21=$C33+$G33*6),(M$21=$C33+$G33*7),(M$21=$C33+$G33*8),(M$21=$C33+$G33*9),(M$21=$C33+$G33*10),(M$21=$C33+$G33*11),(M$21=$C33+$G33*12),(M$21=$C33+$G33*13),(M$21=$C33+$G33*14)),$F33*((1+'2- Data Entry'!$B$5)^('3-Cost Projections'!M$21-'3-Cost Projections'!$C33)),0) -> 0 | N33: =IF(OR((N$21=$C33+$G33),(N$21=$C33+$G33*2),(N$21=$C33+$G33*3),(N$21=$C33+$G33*4),(N$21=$C33+$G33*5),(N$21=$C33+$G33*6),(N$21=$C33+$G33*7),(N$21=$C33+$G33*8),(N$21=$C33+$G33*9),(N$21=$C33+$G33*10),(N$21=$C33+$G33*11),(N$21=$C33+$G33*12),(N$21=$C33+$G33*13),(N$21=$C33+$G33*14)),$F33*((1+'2- Data Entry'!$B$5)^('3-Cost Projections'!N$21-'3-Cost Projections'!$C33)),0) -> 0 | O33: =IF(OR((O$21=$C33+$G33),(O$21=$C33+$G33*2),(O$21=$C33+$G33*3),(O$21=$C33+$G33*4),(O$21=$C33+$G33*5),(O$21=$C33+$G33*6),(O$21=$C33+$G33*7),(O$21=$C33+$G33*8),(O$21=$C33+$G33*9),(O$21=$C33+$G33*10),(O$21=$C33+$G33*11),(O$21=$C33+$G33*12),(O$21=$C33+$G33*13),(O$21=$C33+$G33*14)),$F33*((1+'2- Data Entry'!$B$5)^('3-Cost Projections'!O$21-'3-Cost Projections'!$C33)),0) -> 0 | ... AV33: =IF(OR((AV$21=$C33+$G33),(AV$21=$C33+$G33*2),(AV$21=$C33+$G33*3),(AV$21=$C33+$G33*4),(AV$21=$C33+$G33*5),(AV$21=$C33+$G33*6),(AV$21=$C33+$G33*7),(AV$21=$C33+$G33*8),(AV$21=$C33+$G33*9),(AV$21=$C33+$G33*10),(AV$21=$C33+$G33*11),(AV$21=$C33+$G33*12),(AV$21=$C33+$G33*13),(AV$21=$C33+$G33*14)),$F33*((1+'2- Data Entry'!$B$5)^('3-Cost Projections'!AV$21-'3-Cost Projections'!$C33)),0) -> 0
B34: Sub-Total maintenance and minor replacements | H34: =SUM(H$22:H33) -> 0 | I34: =SUM(I$22:I33) -> 0 | J34: =SUM(J$22:J33) -> 0 | K34: =SUM(K$22:K33) -> 0 | L34: =SUM(L$22:L33) -> 0 | M34: =SUM(M$22:M33) -> 0 | N34: =SUM(N$22:N33) -> 0 | O34: =SUM(O$22:O33) -> 0 | ... AV34: =SUM(AV$22:AV33) -> 0
B36: Total Costs of Operation and Minor Maintenance | H36: =H18+H34 -> #REF! | I36: =I18+I34 -> #REF! | J36: =J18+J34 -> #REF! | K36: =K18+K34 -> #REF! | L36: =L18+L34 -> #REF! | M36: =M18+M34 -> #REF! | N36: =N18+N34 -> #REF! | O36: =O18+O34 -> #REF! | ... AV36: =AV18+AV34 -> #REF!
B38: Table 2.2: Cost of major replacements | J38: Año
B39: Capital Maintenance Cost (CapManEx) | C39: Year of Investment | F39: Cost of CAPYS | G39: Lifetime | H39: ='2- Data Entry'!$B$4 -> 0 | I39: =H39+1 -> 1 | J39: =I39+1 -> 2 | K39: =J39+1 -> 3 | L39: =K39+1 -> 4 | M39: =L39+1 -> 5 | N39: =M39+1 -> 6 | O39: =N39+1 -> 7 | P39: =O39+1 -> 8 | ... AV39: =AU39+1 -> 40
B41: Principle Assets
B42: ='2- Data Entry'!D10 -> Connecting Rods | C42: ='2- Data Entry'!F10 -> 0 | F42: ='2- Data Entry'!E10*'2- Data Entry'!$E$39 -> 0 | G42: ='6-Reference Data'!B13 -> 5 | H42: =IF(OR((H$39=$C42+$G42),(H$39=$C42+$G42*2),(H$39=$C42+$G42*3)),$F42*((1+'2- Data Entry'!$B$5)^('3-Cost Projections'!H$39-'3-Cost Projections'!$C42)),0) -> 0 | I42: =IF(OR((I$39=$C42+$G42),(I$39=$C42+$G42*2),(I$39=$C42+$G42*3)),$F42*((1+'2- Data Entry'!$B$5)^('3-Cost Projections'!I$39-'3-Cost Projections'!$C42)),0) -> 0 | J42: =IF(OR((J$39=$C42+$G42),(J$39=$C42+$G42*2),(J$39=$C42+$G42*3)),$F42*((1+'2- Data Entry'!$B$5)^('3-Cost Projections'!J$39-'3-Cost Projections'!$C42)),0) -> 0 | K42: =IF(OR((K$39=$C42+$G42),(K$39=$C42+$G42*2),(K$39=$C42+$G42*3)),$F42*((1+'2- Data Entry'!$B$5)^('3-Cost Projections'!K$39-'3-Cost Projections'!$C42)),0) -> 0 | L42: =IF(OR((L$39=$C42+$G42),(L$39=$C42+$G42*2),(L$39=$C42+$G42*3)),$F42*((1+'2- Data Entry'!$B$5)^('3-Cost Projections'!L$39-'3-Cost Projections'!$C42)),0) -> 0 | M42: =IF(OR((M$39=$C42+$G42),(M$39=$C42+$G42*2),(M$39=$C42+$G42*3)),$F42*((1+'2- Data Entry'!$B$5)^('3-Cost Projections'!M$39-'3-Cost Projections'!$C42)),0) -> 0 | N42: =IF(OR((N$39=$C42+$G42),(N$39=$C42+$G42*2),(N$39=$C42+$G42*3)),$F42*((1+'2- Data Entry'!$B$5)^('3-Cost Projections'!N$39-'3-Cost Projections'!$C42)),0) -> 0 | O42: =IF(OR((O$39=$C42+$G42),(O$39=$C42+$G42*2),(O$39=$C42+$G42*3)),$F42*((1+'2- Data Entry'!$B$5)^('3-Cost Projections'!O$39-'3-Cost Projections'!$C42)),0) -> 0 | ... AV42: =IF(OR((AV$39=$C42+$G42),(AV$39=$C42+$G42*2),(AV$39=$C42+$G42*3)),$F42*((1+'2- Data Entry'!$B$5)^('3-Cost Projections'!AV$39-'3-Cost Projections'!$C42)),0) -> 0
B43: ='2- Data Entry'!D11 -> Pump Head with handle | C43: ='2- Data Entry'!F11 -> 0 | F43: ='2- Data Entry'!E11*'2- Data Entry'!$E$39 -> 0 | G43: ='6-Reference Data'!B14 -> 10 | H43: =IF(OR((H$39=$C43+$G43),(H$39=$C43+$G43*2),(H$39=$C43+$G43*3), (H$39=$C43+$G43*4), (H$39=$C43+$G43*5), (H$39=$C43+$G43*6), (H$39=$C43+$G43*7)),$F43*((1+'2- Data Entry'!$B$5)^('3-Cost Projections'!H$39-'3-Cost Projections'!$C43)),0) -> 0 | I43: =IF(OR((I$39=$C43+$G43),(I$39=$C43+$G43*2),(I$39=$C43+$G43*3), (I$39=$C43+$G43*4), (I$39=$C43+$G43*5), (I$39=$C43+$G43*6), (I$39=$C43+$G43*7)),$F43*((1+'2- Data Entry'!$B$5)^('3-Cost Projections'!I$39-'3-Cost Projections'!$C43)),0) -> 0 | J43: =IF(OR((J$39=$C43+$G43),(J$39=$C43+$G43*2),(J$39=$C43+$G43*3), (J$39=$C43+$G43*4), (J$39=$C43+$G43*5), (J$39=$C43+$G43*6), (J$39=$C43+$G43*7)),$F43*((1+'2- Data Entry'!$B$5)^('3-Cost Projections'!J$39-'3-Cost Projections'!$C43)),0) -> 0 | K43: =IF(OR((K$39=$C43+$G43),(K$39=$C43+$G43*2),(K$39=$C43+$G43*3), (K$39=$C43+$G43*4), (K$39=$C43+$G43*5), (K$39=$C43+$G43*6), (K$39=$C43+$G43*7)),$F43*((1+'2- Data Entry'!$B$5)^('3-Cost Projections'!K$39-'3-Cost Projections'!$C43)),0) -> 0 | L43: =IF(OR((L$39=$C43+$G43),(L$39=$C43+$G43*2),(L$39=$C43+$G43*3), (L$39=$C43+$G43*4), (L$39=$C43+$G43*5), (L$39=$C43+$G43*6), (L$39=$C43+$G43*7)),$F43*((1+'2- Data Entry'!$B$5)^('3-Cost Projections'!L$39-'3-Cost Projections'!$C43)),0) -> 0 | M43: =IF(OR((M$39=$C43+$G43),(M$39=$C43+$G43*2),(M$39=$C43+$G43*3), (M$39=$C43+$G43*4), (M$39=$C43+$G43*5), (M$39=$C43+$G43*6), (M$39=$C43+$G43*7)),$F43*((1+'2- Data Entry'!$B$5)^('3-Cost Projections'!M$39-'3-Cost Projections'!$C43)),0) -> 0 | N43: =IF(OR((N$39=$C43+$G43),(N$39=$C43+$G43*2),(N$39=$C43+$G43*3), (N$39=$C43+$G43*4), (N$39=$C43+$G43*5), (N$39=$C43+$G43*6), (N$39=$C43+$G43*7)),$F43*((1+'2- Data Entry'!$B$5)^('3-Cost Projections'!N$39-'3-Cost Projections'!$C43)),0) -> 0 | O43: =IF(OR((O$39=$C43+$G43),(O$39=$C43+$G43*2),(O$39=$C43+$G43*3), (O$39=$C43+$G43*4), (O$39=$C43+$G43*5), (O$39=$C43+$G43*6), (O$39=$C43+$G43*7)),$F43*((1+'2- Data Entry'!$B$5)^('3-Cost Projections'!O$39-'3-Cost Projections'!$C43)),0) -> 0 | ... AV43: =IF(OR((AV$39=$C43+$G43),(AV$39=$C43+$G43*2),(AV$39=$C43+$G43*3), (AV$39=$C43+$G43*4), (AV$39=$C43+$G43*5), (AV$39=$C43+$G43*6), (AV$39=$C43+$G43*7)),$F43*((1+'2- Data Entry'!$B$5)^('3-Cost Projections'!AV$39-'3-Cost Projections'!$C43)),0) -> 0
B44: ='2- Data Entry'!D12 -> Water tank | C44: ='2- Data Entry'!F12 -> 0 | F44: ='2- Data Entry'!E12*'2- Data Entry'!$E$39 -> 0 | G44: ='6-Reference Data'!B15 -> 10 | H44: =IF(OR((H$39=$C44+$G44),(H$39=$C44+$G44*2),(H$39=$C44+$G44*3)),$F44*((1+'2- Data Entry'!$B$5)^('3-Cost Projections'!H$39-'3-Cost Projections'!$C44)),0) -> 0 | I44: =IF(OR((I$39=$C44+$G44),(I$39=$C44+$G44*2),(I$39=$C44+$G44*3)),$F44*((1+'2- Data Entry'!$B$5)^('3-Cost Projections'!I$39-'3-Cost Projections'!$C44)),0) -> 0 | J44: =IF(OR((J$39=$C44+$G44),(J$39=$C44+$G44*2),(J$39=$C44+$G44*3)),$F44*((1+'2- Data Entry'!$B$5)^('3-Cost Projections'!J$39-'3-Cost Projections'!$C44)),0) -> 0 | K44: =IF(OR((K$39=$C44+$G44),(K$39=$C44+$G44*2),(K$39=$C44+$G44*3)),$F44*((1+'2- Data Entry'!$B$5)^('3-Cost Projections'!K$39-'3-Cost Projections'!$C44)),0) -> 0 | L44: =IF(OR((L$39=$C44+$G44),(L$39=$C44+$G44*2),(L$39=$C44+$G44*3)),$F44*((1+'2- Data Entry'!$B$5)^('3-Cost Projections'!L$39-'3-Cost Projections'!$C44)),0) -> 0 | M44: =IF(OR((M$39=$C44+$G44),(M$39=$C44+$G44*2),(M$39=$C44+$G44*3)),$F44*((1+'2- Data Entry'!$B$5)^('3-Cost Projections'!M$39-'3-Cost Projections'!$C44)),0) -> 0 | N44: =IF(OR((N$39=$C44+$G44),(N$39=$C44+$G44*2),(N$39=$C44+$G44*3)),$F44*((1+'2- Data Entry'!$B$5)^('3-Cost Projections'!N$39-'3-Cost Projections'!$C44)),0) -> 0 | O44: =IF(OR((O$39=$C44+$G44),(O$39=$C44+$G44*2),(O$39=$C44+$G44*3)),$F44*((1+'2- Data Entry'!$B$5)^('3-Cost Projections'!O$39-'3-Cost Projections'!$C44)),0) -> 0 | ... AV44: =IF(OR((AV$39=$C44+$G44),(AV$39=$C44+$G44*2),(AV$39=$C44+$G44*3)),$F44*((1+'2- Data Entry'!$B$5)^('3-Cost Projections'!AV$39-'3-Cost Projections'!$C44)),0) -> 0
B45: ='2- Data Entry'!D13 -> Rising Mains (Pipes) | C45: ='2- Data Entry'!F13 -> 0 | F45: ='2- Data Entry'!E13*'2- Data Entry'!$E$39 -> 0 | G45: ='6-Reference Data'!B16 -> 10 | H45: =IF(OR((H$39=$C45+$G45),(H$39=$C45+$G45*2),(H$39=$C45+$G45*3), (H$39=$C45+$G45*4), (H$39=$C45+$G45*5), (H$39=$C45+$G45*6), (H$39=$C45+$G45*7)),$F45*((1+'2- Data Entry'!$B$5)^('3-Cost Projections'!H$39-'3-Cost Projections'!$C45)),0) -> 0 | I45: =IF(OR((I$39=$C45+$G45),(I$39=$C45+$G45*2),(I$39=$C45+$G45*3), (I$39=$C45+$G45*4), (I$39=$C45+$G45*5), (I$39=$C45+$G45*6), (I$39=$C45+$G45*7)),$F45*((1+'2- Data Entry'!$B$5)^('3-Cost Projections'!I$39-'3-Cost Projections'!$C45)),0) -> 0 | J45: =IF(OR((J$39=$C45+$G45),(J$39=$C45+$G45*2),(J$39=$C45+$G45*3), (J$39=$C45+$G45*4), (J$39=$C45+$G45*5), (J$39=$C45+$G45*6), (J$39=$C45+$G45*7)),$F45*((1+'2- Data Entry'!$B$5)^('3-Cost Projections'!J$39-'3-Cost Projections'!$C45)),0) -> 0 | K45: =IF(OR((K$39=$C45+$G45),(K$39=$C45+$G45*2),(K$39=$C45+$G45*3), (K$39=$C45+$G45*4), (K$39=$C45+$G45*5), (K$39=$C45+$G45*6), (K$39=$C45+$G45*7)),$F45*((1+'2- Data Entry'!$B$5)^('3-Cost Projections'!K$39-'3-Cost Projections'!$C45)),0) -> 0 | L45: =IF(OR((L$39=$C45+$G45),(L$39=$C45+$G45*2),(L$39=$C45+$G45*3), (L$39=$C45+$G45*4), (L$39=$C45+$G45*5), (L$39=$C45+$G45*6), (L$39=$C45+$G45*7)),$F45*((1+'2- Data Entry'!$B$5)^('3-Cost Projections'!L$39-'3-Cost Projections'!$C45)),0) -> 0 | M45: =IF(OR((M$39=$C45+$G45),(M$39=$C45+$G45*2),(M$39=$C45+$G45*3), (M$39=$C45+$G45*4), (M$39=$C45+$G45*5), (M$39=$C45+$G45*6), (M$39=$C45+$G45*7)),$F45*((1+'2- Data Entry'!$B$5)^('3-Cost Projections'!M$39-'3-Cost Projections'!$C45)),0) -> 0 | N45: =IF(OR((N$39=$C45+$G45),(N$39=$C45+$G45*2),(N$39=$C45+$G45*3), (N$39=$C45+$G45*4), (N$39=$C45+$G45*5), (N$39=$C45+$G45*6), (N$39=$C45+$G45*7)),$F45*((1+'2- Data Entry'!$B$5)^('3-Cost Projections'!N$39-'3-Cost Projections'!$C45)),0) -> 0 | O45: =IF(OR((O$39=$C45+$G45),(O$39=$C45+$G45*2),(O$39=$C45+$G45*3), (O$39=$C45+$G45*4), (O$39=$C45+$G45*5), (O$39=$C45+$G45*6), (O$39=$C45+$G45*7)),$F45*((1+'2- Data Entry'!$B$5)^('3-Cost Projections'!O$39-'3-Cost Projections'!$C45)),0) -> 0 | ... AV45: =IF(OR((AV$39=$C45+$G45),(AV$39=$C45+$G45*2),(AV$39=$C45+$G45*3), (AV$39=$C45+$G45*4), (AV$39=$C45+$G45*5), (AV$39=$C45+$G45*6), (AV$39=$C45+$G45*7)),$F45*((1+'2- Data Entry'!$B$5)^('3-Cost Projections'!AV$39-'3-Cost Projections'!$C45)),0) -> 0
B46: ='2- Data Entry'!D14 -> Pedestal | C46: ='2- Data Entry'!F14 -> 0 | F46: ='2- Data Entry'!E14*'2- Data Entry'!$E$39 -> 0 | G46: ='6-Reference Data'!B17 -> 10 | H46: =IF(OR((H$39=$C46+$G46),(H$39=$C46+$G46*2),(H$39=$C46+$G46*3)),$F46*((1+'2- Data Entry'!$B$5)^('3-Cost Projections'!H$39-'3-Cost Projections'!$C46)),0) -> 0 | I46: =IF(OR((I$39=$C46+$G46),(I$39=$C46+$G46*2),(I$39=$C46+$G46*3)),$F46*((1+'2- Data Entry'!$B$5)^('3-Cost Projections'!I$39-'3-Cost Projections'!$C46)),0) -> 0 | J46: =IF(OR((J$39=$C46+$G46),(J$39=$C46+$G46*2),(J$39=$C46+$G46*3)),$F46*((1+'2- Data Entry'!$B$5)^('3-Cost Projections'!J$39-'3-Cost Projections'!$C46)),0) -> 0 | K46: =IF(OR((K$39=$C46+$G46),(K$39=$C46+$G46*2),(K$39=$C46+$G46*3)),$F46*((1+'2- Data Entry'!$B$5)^('3-Cost Projections'!K$39-'3-Cost Projections'!$C46)),0) -> 0 | L46: =IF(OR((L$39=$C46+$G46),(L$39=$C46+$G46*2),(L$39=$C46+$G46*3)),$F46*((1+'2- Data Entry'!$B$5)^('3-Cost Projections'!L$39-'3-Cost Projections'!$C46)),0) -> 0 | M46: =IF(OR((M$39=$C46+$G46),(M$39=$C46+$G46*2),(M$39=$C46+$G46*3)),$F46*((1+'2- Data Entry'!$B$5)^('3-Cost Projections'!M$39-'3-Cost Projections'!$C46)),0) -> 0 | N46: =IF(OR((N$39=$C46+$G46),(N$39=$C46+$G46*2),(N$39=$C46+$G46*3)),$F46*((1+'2- Data Entry'!$B$5)^('3-Cost Projections'!N$39-'3-Cost Projections'!$C46)),0) -> 0 | O46: =IF(OR((O$39=$C46+$G46),(O$39=$C46+$G46*2),(O$39=$C46+$G46*3)),$F46*((1+'2- Data Entry'!$B$5)^('3-Cost Projections'!O$39-'3-Cost Projections'!$C46)),0) -> 0 | ... AV46: =IF(OR((AV$39=$C46+$G46),(AV$39=$C46+$G46*2),(AV$39=$C46+$G46*3)),$F46*((1+'2- Data Entry'!$B$5)^('3-Cost Projections'!AV$39-'3-Cost Projections'!$C46)),0) -> 0
B47: ='2- Data Entry'!D15 -> Cylinder | C47: ='2- Data Entry'!F15 -> 0 | F47: ='2- Data Entry'!E15*'2- Data Entry'!$E$39 -> 0 | G47: ='6-Reference Data'!B18 -> 10 | H47: =IF(OR((H$39=$C47+$G47),(H$39=$C47+$G47*2),(H$39=$C47+$G47*3), (H$39=$C47+$G47*4), (H$39=$C47+$G47*5), (H$39=$C47+$G47*6), (H$39=$C47+$G47*7)),$F47*((1+'2- Data Entry'!$B$5)^('3-Cost Projections'!H$39-'3-Cost Projections'!$C47)),0) -> 0 | I47: =IF(OR((I$39=$C47+$G47),(I$39=$C47+$G47*2),(I$39=$C47+$G47*3), (I$39=$C47+$G47*4), (I$39=$C47+$G47*5), (I$39=$C47+$G47*6), (I$39=$C47+$G47*7)),$F47*((1+'2- Data Entry'!$B$5)^('3-Cost Projections'!I$39-'3-Cost Projections'!$C47)),0) -> 0 | J47: =IF(OR((J$39=$C47+$G47),(J$39=$C47+$G47*2),(J$39=$C47+$G47*3), (J$39=$C47+$G47*4), (J$39=$C47+$G47*5), (J$39=$C47+$G47*6), (J$39=$C47+$G47*7)),$F47*((1+'2- Data Entry'!$B$5)^('3-Cost Projections'!J$39-'3-Cost Projections'!$C47)),0) -> 0 | K47: =IF(OR((K$39=$C47+$G47),(K$39=$C47+$G47*2),(K$39=$C47+$G47*3), (K$39=$C47+$G47*4), (K$39=$C47+$G47*5), (K$39=$C47+$G47*6), (K$39=$C47+$G47*7)),$F47*((1+'2- Data Entry'!$B$5)^('3-Cost Projections'!K$39-'3-Cost Projections'!$C47)),0) -> 0 | L47: =IF(OR((L$39=$C47+$G47),(L$39=$C47+$G47*2),(L$39=$C47+$G47*3), (L$39=$C47+$G47*4), (L$39=$C47+$G47*5), (L$39=$C47+$G47*6), (L$39=$C47+$G47*7)),$F47*((1+'2- Data Entry'!$B$5)^('3-Cost Projections'!L$39-'3-Cost Projections'!$C47)),0) -> 0 | M47: =IF(OR((M$39=$C47+$G47),(M$39=$C47+$G47*2),(M$39=$C47+$G47*3), (M$39=$C47+$G47*4), (M$39=$C47+$G47*5), (M$39=$C47+$G47*6), (M$39=$C47+$G47*7)),$F47*((1+'2- Data Entry'!$B$5)^('3-Cost Projections'!M$39-'3-Cost Projections'!$C47)),0) -> 0 | N47: =IF(OR((N$39=$C47+$G47),(N$39=$C47+$G47*2),(N$39=$C47+$G47*3), (N$39=$C47+$G47*4), (N$39=$C47+$G47*5), (N$39=$C47+$G47*6), (N$39=$C47+$G47*7)),$F47*((1+'2- Data Entry'!$B$5)^('3-Cost Projections'!N$39-'3-Cost Projections'!$C47)),0) -> 0 | O47: =IF(OR((O$39=$C47+$G47),(O$39=$C47+$G47*2),(O$39=$C47+$G47*3), (O$39=$C47+$G47*4), (O$39=$C47+$G47*5), (O$39=$C47+$G47*6), (O$39=$C47+$G47*7)),$F47*((1+'2- Data Entry'!$B$5)^('3-Cost Projections'!O$39-'3-Cost Projections'!$C47)),0) -> 0 | ... AV47: =IF(OR((AV$39=$C47+$G47),(AV$39=$C47+$G47*2),(AV$39=$C47+$G47*3), (AV$39=$C47+$G47*4), (AV$39=$C47+$G47*5), (AV$39=$C47+$G47*6), (AV$39=$C47+$G47*7)),$F47*((1+'2- Data Entry'!$B$5)^('3-Cost Projections'!AV$39-'3-Cost Projections'!$C47)),0) -> 0
B48: ='2- Data Entry'!D16 -> Platform | C48: ='2- Data Entry'!F16 -> 0 | F48: ='2- Data Entry'!E16*'2- Data Entry'!$E$39 -> 0 | G48: ='6-Reference Data'!B19 -> 10 | H48: =IF(OR((H$39=$C48+$G48),(H$39=$C48+$G48*2),(H$39=$C48+$G48*3)),$F48*((1+'2- Data Entry'!$B$5)^('3-Cost Projections'!H$39-'3-Cost Projections'!$C48)),0) -> 0 | I48: =IF(OR((I$39=$C48+$G48),(I$39=$C48+$G48*2),(I$39=$C48+$G48*3)),$F48*((1+'2- Data Entry'!$B$5)^('3-Cost Projections'!I$39-'3-Cost Projections'!$C48)),0) -> 0 | J48: =IF(OR((J$39=$C48+$G48),(J$39=$C48+$G48*2),(J$39=$C48+$G48*3)),$F48*((1+'2- Data Entry'!$B$5)^('3-Cost Projections'!J$39-'3-Cost Projections'!$C48)),0) -> 0 | K48: =IF(OR((K$39=$C48+$G48),(K$39=$C48+$G48*2),(K$39=$C48+$G48*3)),$F48*((1+'2- Data Entry'!$B$5)^('3-Cost Projections'!K$39-'3-Cost Projections'!$C48)),0) -> 0 | L48: =IF(OR((L$39=$C48+$G48),(L$39=$C48+$G48*2),(L$39=$C48+$G48*3)),$F48*((1+'2- Data Entry'!$B$5)^('3-Cost Projections'!L$39-'3-Cost Projections'!$C48)),0) -> 0 | M48: =IF(OR((M$39=$C48+$G48),(M$39=$C48+$G48*2),(M$39=$C48+$G48*3)),$F48*((1+'2- Data Entry'!$B$5)^('3-Cost Projections'!M$39-'3-Cost Projections'!$C48)),0) -> 0 | N48: =IF(OR((N$39=$C48+$G48),(N$39=$C48+$G48*2),(N$39=$C48+$G48*3)),$F48*((1+'2- Data Entry'!$B$5)^('3-Cost Projections'!N$39-'3-Cost Projections'!$C48)),0) -> 0 | O48: =IF(OR((O$39=$C48+$G48),(O$39=$C48+$G48*2),(O$39=$C48+$G48*3)),$F48*((1+'2- Data Entry'!$B$5)^('3-Cost Projections'!O$39-'3-Cost Projections'!$C48)),0) -> 0 | ... AV48: =IF(OR((AV$39=$C48+$G48),(AV$39=$C48+$G48*2),(AV$39=$C48+$G48*3)),$F48*((1+'2- Data Entry'!$B$5)^('3-Cost Projections'!AV$39-'3-Cost Projections'!$C48)),0) -> 0
B49: ='2- Data Entry'!D17 -> Drain | C49: ='2- Data Entry'!F17 -> 0 | F49: ='2- Data Entry'!E17*'2- Data Entry'!$E$39 -> 0 | G49: ='6-Reference Data'!B20 -> 10 | H49: =IF(OR((H$39=$C49+$G49),(H$39=$C49+$G49*2),(H$39=$C49+$G49*3), (H$39=$C49+$G49*4), (H$39=$C49+$G49*5), (H$39=$C49+$G49*6), (H$39=$C49+$G49*7)),$F49*((1+'2- Data Entry'!$B$5)^('3-Cost Projections'!H$39-'3-Cost Projections'!$C49)),0) -> 0 | I49: =IF(OR((I$39=$C49+$G49),(I$39=$C49+$G49*2),(I$39=$C49+$G49*3), (I$39=$C49+$G49*4), (I$39=$C49+$G49*5), (I$39=$C49+$G49*6), (I$39=$C49+$G49*7)),$F49*((1+'2- Data Entry'!$B$5)^('3-Cost Projections'!I$39-'3-Cost Projections'!$C49)),0) -> 0 | J49: =IF(OR((J$39=$C49+$G49),(J$39=$C49+$G49*2),(J$39=$C49+$G49*3), (J$39=$C49+$G49*4), (J$39=$C49+$G49*5), (J$39=$C49+$G49*6), (J$39=$C49+$G49*7)),$F49*((1+'2- Data Entry'!$B$5)^('3-Cost Projections'!J$39-'3-Cost Projections'!$C49)),0) -> 0 | K49: =IF(OR((K$39=$C49+$G49),(K$39=$C49+$G49*2),(K$39=$C49+$G49*3), (K$39=$C49+$G49*4), (K$39=$C49+$G49*5), (K$39=$C49+$G49*6), (K$39=$C49+$G49*7)),$F49*((1+'2- Data Entry'!$B$5)^('3-Cost Projections'!K$39-'3-Cost Projections'!$C49)),0) -> 0 | L49: =IF(OR((L$39=$C49+$G49),(L$39=$C49+$G49*2),(L$39=$C49+$G49*3), (L$39=$C49+$G49*4), (L$39=$C49+$G49*5), (L$39=$C49+$G49*6), (L$39=$C49+$G49*7)),$F49*((1+'2- Data Entry'!$B$5)^('3-Cost Projections'!L$39-'3-Cost Projections'!$C49)),0) -> 0 | M49: =IF(OR((M$39=$C49+$G49),(M$39=$C49+$G49*2),(M$39=$C49+$G49*3), (M$39=$C49+$G49*4), (M$39=$C49+$G49*5), (M$39=$C49+$G49*6), (M$39=$C49+$G49*7)),$F49*((1+'2- Data Entry'!$B$5)^('3-Cost Projections'!M$39-'3-Cost Projections'!$C49)),0) -> 0 | N49: =IF(OR((N$39=$C49+$G49),(N$39=$C49+$G49*2),(N$39=$C49+$G49*3), (N$39=$C49+$G49*4), (N$39=$C49+$G49*5), (N$39=$C49+$G49*6), (N$39=$C49+$G49*7)),$F49*((1+'2- Data Entry'!$B$5)^('3-Cost Projections'!N$39-'3-Cost Projections'!$C49)),0) -> 0 | O49: =IF(OR((O$39=$C49+$G49),(O$39=$C49+$G49*2),(O$39=$C49+$G49*3), (O$39=$C49+$G49*4), (O$39=$C49+$G49*5), (O$39=$C49+$G49*6), (O$39=$C49+$G49*7)),$F49*((1+'2- Data Entry'!$B$5)^('3-Cost Projections'!O$39-'3-Cost Projections'!$C49)),0) -> 0 | ... AV49: =IF(OR((AV$39=$C49+$G49),(AV$39=$C49+$G49*2),(AV$39=$C49+$G49*3), (AV$39=$C49+$G49*4), (AV$39=$C49+$G49*5), (AV$39=$C49+$G49*6), (AV$39=$C49+$G49*7)),$F49*((1+'2- Data Entry'!$B$5)^('3-Cost Projections'!AV$39-'3-Cost Projections'!$C49)),0) -> 0
B50: ='2- Data Entry'!D18 -> Soak Pit | C50: ='2- Data Entry'!F18 -> 0 | F50: ='2- Data Entry'!E18*'2- Data Entry'!$E$39 -> 0 | G50: ='6-Reference Data'!B21 -> 10 | H50: =IF(OR((H$39=$C50+$G50),(H$39=$C50+$G50*2),(H$39=$C50+$G50*3)),$F50*((1+'2- Data Entry'!$B$5)^('3-Cost Projections'!H$39-'3-Cost Projections'!$C50)),0) -> 0 | I50: =IF(OR((I$39=$C50+$G50),(I$39=$C50+$G50*2),(I$39=$C50+$G50*3)),$F50*((1+'2- Data Entry'!$B$5)^('3-Cost Projections'!I$39-'3-Cost Projections'!$C50)),0) -> 0 | J50: =IF(OR((J$39=$C50+$G50),(J$39=$C50+$G50*2),(J$39=$C50+$G50*3)),$F50*((1+'2- Data Entry'!$B$5)^('3-Cost Projections'!J$39-'3-Cost Projections'!$C50)),0) -> 0 | K50: =IF(OR((K$39=$C50+$G50),(K$39=$C50+$G50*2),(K$39=$C50+$G50*3)),$F50*((1+'2- Data Entry'!$B$5)^('3-Cost Projections'!K$39-'3-Cost Projections'!$C50)),0) -> 0 | L50: =IF(OR((L$39=$C50+$G50),(L$39=$C50+$G50*2),(L$39=$C50+$G50*3)),$F50*((1+'2- Data Entry'!$B$5)^('3-Cost Projections'!L$39-'3-Cost Projections'!$C50)),0) -> 0 | M50: =IF(OR((M$39=$C50+$G50),(M$39=$C50+$G50*2),(M$39=$C50+$G50*3)),$F50*((1+'2- Data Entry'!$B$5)^('3-Cost Projections'!M$39-'3-Cost Projections'!$C50)),0) -> 0 | N50: =IF(OR((N$39=$C50+$G50),(N$39=$C50+$G50*2),(N$39=$C50+$G50*3)),$F50*((1+'2- Data Entry'!$B$5)^('3-Cost Projections'!N$39-'3-Cost Projections'!$C50)),0) -> 0 | O50: =IF(OR((O$39=$C50+$G50),(O$39=$C50+$G50*2),(O$39=$C50+$G50*3)),$F50*((1+'2- Data Entry'!$B$5)^('3-Cost Projections'!O$39-'3-Cost Projections'!$C50)),0) -> 0 | ... AV50: =IF(OR((AV$39=$C50+$G50),(AV$39=$C50+$G50*2),(AV$39=$C50+$G50*3)),$F50*((1+'2- Data Entry'!$B$5)^('3-Cost Projections'!AV$39-'3-Cost Projections'!$C50)),0) -> 0
B51: ='2- Data Entry'!D19 -> Shed | C51: ='2- Data Entry'!F19 -> 0 | F51: ='2- Data Entry'!E19*'2- Data Entry'!$E$39 -> 0 | G51: ='6-Reference Data'!B22 -> 2 | H51: =IF(OR((H$39=$C51+$G51),(H$39=$C51+$G51*2),(H$39=$C51+$G51*3), (H$39=$C51+$G51*4), (H$39=$C51+$G51*5), (H$39=$C51+$G51*6), (H$39=$C51+$G51*7)),$F51*((1+'2- Data Entry'!$B$5)^('3-Cost Projections'!H$39-'3-Cost Projections'!$C51)),0) -> 0 | I51: =IF(OR((I$39=$C51+$G51),(I$39=$C51+$G51*2),(I$39=$C51+$G51*3), (I$39=$C51+$G51*4), (I$39=$C51+$G51*5), (I$39=$C51+$G51*6), (I$39=$C51+$G51*7)),$F51*((1+'2- Data Entry'!$B$5)^('3-Cost Projections'!I$39-'3-Cost Projections'!$C51)),0) -> 0 | J51: =IF(OR((J$39=$C51+$G51),(J$39=$C51+$G51*2),(J$39=$C51+$G51*3), (J$39=$C51+$G51*4), (J$39=$C51+$G51*5), (J$39=$C51+$G51*6), (J$39=$C51+$G51*7)),$F51*((1+'2- Data Entry'!$B$5)^('3-Cost Projections'!J$39-'3-Cost Projections'!$C51)),0) -> 0 | K51: =IF(OR((K$39=$C51+$G51),(K$39=$C51+$G51*2),(K$39=$C51+$G51*3), (K$39=$C51+$G51*4), (K$39=$C51+$G51*5), (K$39=$C51+$G51*6), (K$39=$C51+$G51*7)),$F51*((1+'2- Data Entry'!$B$5)^('3-Cost Projections'!K$39-'3-Cost Projections'!$C51)),0) -> 0 | L51: =IF(OR((L$39=$C51+$G51),(L$39=$C51+$G51*2),(L$39=$C51+$G51*3), (L$39=$C51+$G51*4), (L$39=$C51+$G51*5), (L$39=$C51+$G51*6), (L$39=$C51+$G51*7)),$F51*((1+'2- Data Entry'!$B$5)^('3-Cost Projections'!L$39-'3-Cost Projections'!$C51)),0) -> 0 | M51: =IF(OR((M$39=$C51+$G51),(M$39=$C51+$G51*2),(M$39=$C51+$G51*3), (M$39=$C51+$G51*4), (M$39=$C51+$G51*5), (M$39=$C51+$G51*6), (M$39=$C51+$G51*7)),$F51*((1+'2- Data Entry'!$B$5)^('3-Cost Projections'!M$39-'3-Cost Projections'!$C51)),0) -> 0 | N51: =IF(OR((N$39=$C51+$G51),(N$39=$C51+$G51*2),(N$39=$C51+$G51*3), (N$39=$C51+$G51*4), (N$39=$C51+$G51*5), (N$39=$C51+$G51*6), (N$39=$C51+$G51*7)),$F51*((1+'2- Data Entry'!$B$5)^('3-Cost Projections'!N$39-'3-Cost Projections'!$C51)),0) -> 0 | O51: =IF(OR((O$39=$C51+$G51),(O$39=$C51+$G51*2),(O$39=$C51+$G51*3), (O$39=$C51+$G51*4), (O$39=$C51+$G51*5), (O$39=$C51+$G51*6), (O$39=$C51+$G51*7)),$F51*((1+'2- Data Entry'!$B$5)^('3-Cost Projections'!O$39-'3-Cost Projections'!$C51)),0) -> 0 | ... AV51: =IF(OR((AV$39=$C51+$G51),(AV$39=$C51+$G51*2),(AV$39=$C51+$G51*3), (AV$39=$C51+$G51*4), (AV$39=$C51+$G51*5), (AV$39=$C51+$G51*6), (AV$39=$C51+$G51*7)),$F51*((1+'2- Data Entry'!$B$5)^('3-Cost Projections'!AV$39-'3-Cost Projections'!$C51)),0) -> 0
B52: Total costs of major replacements | H52: =SUM(H42:H51) -> 0 | I52: =SUM(I42:I51) -> 0 | J52: =SUM(J42:J51) -> 0 | K52: =SUM(K42:K51) -> 0 | L52: =SUM(L42:L51) -> 0 | M52: =SUM(M42:M51) -> 0 | N52: =SUM(N42:N51) -> 0 | O52: =SUM(O42:O51) -> 0 | ... AV52: =SUM(AV42:AV51) -> 0

Sheet 4-Summary Income & Expenditures
B1: Table 3.1: Increase in Coverage
B2: Year | C2: ='2- Data Entry'!B4 -> 0 | D2: =C2+1 -> 1 | E2: =D2+1 -> 2 | F2: =E2+1 -> 3 | G2: =F2+1 -> 4 | H2: =G2+1 -> 5 | I2: =H2+1 -> 6 | J2: =I2+1 -> 7 | K2: =J2+1 -> 8 | ... AQ2: =AP2+1 -> 40
B3: Total Population | C3: =ROUNDUP('2- Data Entry'!B12*'2- Data Entry'!B14,0) -> 0 | D3: =ROUNDUP(C3*(1+'2- Data Entry'!$B$15),0) -> 0 | E3: =ROUNDUP(D3*(1+'2- Data Entry'!$B$15),0) -> 0 | F3: =ROUNDUP(E3*(1+'2- Data Entry'!$B$15),0) -> 0 | G3: =ROUNDUP(F3*(1+'2- Data Entry'!$B$15),0) -> 0 | H3: =ROUNDUP(G3*(1+'2- Data Entry'!$B$15),0) -> 0 | I3: =ROUNDUP(H3*(1+'2- Data Entry'!$B$15),0) -> 0 | J3: =ROUNDUP(I3*(1+'2- Data Entry'!$B$15),0) -> 0 | K3: =ROUNDUP(J3*(1+'2- Data Entry'!$B$15),0) -> 0 | ... AQ3: =ROUNDUP(AP3*(1+'2- Data Entry'!$B$15),0) -> 0
B4: Population Served | C4: =IF('2- Data Entry'!B22="yes",IF('2- Data Entry'!B12>'2- Data Entry'!B13,ROUNDUP(('2- Data Entry'!B12-'2- Data Entry'!B13)*'2- Data Entry'!B14+('2- Data Entry'!B13*'2- Data Entry'!B14),0),ROUNDUP('2- Data Entry'!B13*'2- Data Entry'!B14,0)),ROUNDUP('2- Data Entry'!B13*'2- Data Entry'!B14,0)) -> 0 | D4: =IF('2- Data Entry'!$B$22="yes",ROUNDUP((C4*(1+'2- Data Entry'!$B$15)),0),C4) -> 0 | E4: =IF('2- Data Entry'!$B$22="yes",ROUNDUP((D4*(1+'2- Data Entry'!$B$15)),0),D4) -> 0 | F4: =IF('2- Data Entry'!$B$22="yes",ROUNDUP((E4*(1+'2- Data Entry'!$B$15)),0),E4) -> 0 | G4: =IF('2- Data Entry'!$B$22="yes",ROUNDUP((F4*(1+'2- Data Entry'!$B$15)),0),F4) -> 0 | H4: =IF('2- Data Entry'!$B$22="yes",ROUNDUP((G4*(1+'2- Data Entry'!$B$15)),0),G4) -> 0 | I4: =IF('2- Data Entry'!$B$22="yes",ROUNDUP((H4*(1+'2- Data Entry'!$B$15)),0),H4) -> 0 | J4: =IF('2- Data Entry'!$B$22="yes",ROUNDUP((I4*(1+'2- Data Entry'!$B$15)),0),I4) -> 0 | K4: =IF('2- Data Entry'!$B$22="yes",ROUNDUP((J4*(1+'2- Data Entry'!$B$15)),0),J4) -> 0 | ... AQ4: =IF('2- Data Entry'!$B$22="yes",ROUNDUP((AP4*(1+'2- Data Entry'!$B$15)),0),AP4) -> 0
B5: Households Connected | C5: =ROUND(C4/'2- Data Entry'!$B$14,0) -> #DIV/0! | D5: =ROUND(D4/'2- Data Entry'!$B$14,0) -> #DIV/0! | E5: =ROUND(E4/'2- Data Entry'!$B$14,0) -> #DIV/0! | F5: =ROUND(F4/'2- Data Entry'!$B$14,0) -> #DIV/0! | G5: =ROUND(G4/'2- Data Entry'!$B$14,0) -> #DIV/0! | H5: =ROUND(H4/'2- Data Entry'!$B$14,0) -> #DIV/0! | I5: =ROUND(I4/'2- Data Entry'!$B$14,0) -> #DIV/0! | J5: =ROUND(J4/'2- Data Entry'!$B$14,0) -> #DIV/0! | ... AQ5: =ROUND(AQ4/'2- Data Entry'!$B$14,0) -> #DIV/0!
B6: Coverage | C6: =C4/C3 -> #DIV/0! | D6: =D4/D3 -> #DIV/0! | E6: =E4/E3 -> #DIV/0! | F6: =F4/F3 -> #DIV/0! | G6: =G4/G3 -> #DIV/0! | H6: =H4/H3 -> #DIV/0! | I6: =I4/I3 -> #DIV/0! | J6: =J4/J3 -> #DIV/0! | ... AQ6: =AQ4/AQ3 -> #DIV/0!
B7: Liters required daily for whole system | C7: ='2- Data Entry'!$B$19*C4 -> 0 | D7: ='2- Data Entry'!$B$19*D4 -> 0 | E7: ='2- Data Entry'!$B$19*E4 -> 0 | F7: ='2- Data Entry'!$B$19*F4 -> 0 | G7: ='2- Data Entry'!$B$19*G4 -> 0 | H7: ='2- Data Entry'!$B$19*H4 -> 0 | I7: ='2- Data Entry'!$B$19*I4 -> 0 | J7: ='2- Data Entry'!$B$19*J4 -> 0 | ... AQ7: ='2- Data Entry'!$B$19*AQ4 -> 0
B8: Source Production | C8: =IF(C7<'2- Data Entry'!$B$19*86400,"Sufficient","Insufficient") -> Insufficient | D8: =IF(D7<'2- Data Entry'!$B$18*86400,"Sufficient","Insufficient") -> Insufficient | E8: =IF(E7<'2- Data Entry'!$B$18*86400,"Sufficient","Insufficient") -> Insufficient | F8: =IF(F7<'2- Data Entry'!$B$18*86400,"Sufficient","Insufficient") -> Insufficient | G8: =IF(G7<'2- Data Entry'!$B$18*86400,"Sufficient","Insufficient") -> Insufficient | H8: =IF(H7<'2- Data Entry'!$B$18*86400,"Sufficient","Insufficient") -> Insufficient | I8: =IF(I7<'2- Data Entry'!$B$18*86400,"Sufficient","Insufficient") -> Insufficient | J8: =IF(J7<'2- Data Entry'!$B$18*86400,"Sufficient","Insufficient") -> Insufficient | K8: =IF(K7<'2- Data Entry'!$B$18*86400,"Sufficient","Insufficient") -> Insufficient | ... AQ8: =IF(AQ7<'2- Data Entry'!$B$18*86400,"Sufficient","Insufficient") -> Insufficient
B10: Table 3.2: Income and Expenditures
B11: Year | C11: ='2- Data Entry'!B4 -> 0 | D11: =C11+1 -> 1 | E11: =D11+1 -> 2 | F11: =E11+1 -> 3 | G11: =F11+1 -> 4 | H11: =G11+1 -> 5 | I11: =H11+1 -> 6 | J11: =I11+1 -> 7 | K11: =J11+1 -> 8 | ... AQ11: =AP11+1 -> 40
B12: Income sources
B13: Tariffs | C13: =IF('2- Data Entry'!$B$36="Yes",(C5*'2- Data Entry'!$B$33*'2- Data Entry'!$B$34*12)*(1+'2- Data Entry'!$B$5)^(C11-$C$11),C5*'2- Data Entry'!$B$33*'2- Data Entry'!$B$34*12) -> #DIV/0! | D13: =IF('2- Data Entry'!$B$36="si",(D5*'2- Data Entry'!$B$33*'2- Data Entry'!$B$34*12)*(1+'2- Data Entry'!$B$5)^(D11-$C$11),D5*'2- Data Entry'!$B$33*'2- Data Entry'!$B$34*12) -> #DIV/0! | E13: =IF('2- Data Entry'!$B$36="si",(E5*'2- Data Entry'!$B$33*'2- Data Entry'!$B$34*12)*(1+'2- Data Entry'!$B$5)^(E11-$C$11),E5*'2- Data Entry'!$B$33*'2- Data Entry'!$B$34*12) -> #DIV/0! | F13: =IF('2- Data Entry'!$B$36="si",(F5*'2- Data Entry'!$B$33*'2- Data Entry'!$B$34*12)*(1+'2- Data Entry'!$B$5)^(F11-$C$11),F5*'2- Data Entry'!$B$33*'2- Data Entry'!$B$34*12) -> #DIV/0! | G13: =IF('2- Data Entry'!$B$36="si",(G5*'2- Data Entry'!$B$33*'2- Data Entry'!$B$34*12)*(1+'2- Data Entry'!$B$5)^(G11-$C$11),G5*'2- Data Entry'!$B$33*'2- Data Entry'!$B$34*12) -> #DIV/0! | H13: =IF('2- Data Entry'!$B$36="si",(H5*'2- Data Entry'!$B$33*'2- Data Entry'!$B$34*12)*(1+'2- Data Entry'!$B$5)^(H11-$C$11),H5*'2- Data Entry'!$B$33*'2- Data Entry'!$B$34*12) -> #DIV/0! | I13: =IF('2- Data Entry'!$B$36="si",(I5*'2- Data Entry'!$B$33*'2- Data Entry'!$B$34*12)*(1+'2- Data Entry'!$B$5)^(I11-$C$11),I5*'2- Data Entry'!$B$33*'2- Data Entry'!$B$34*12) -> #DIV/0! | J13: =IF('2- Data Entry'!$B$36="si",(J5*'2- Data Entry'!$B$33*'2- Data Entry'!$B$34*12)*(1+'2- Data Entry'!$B$5)^(J11-$C$11),J5*'2- Data Entry'!$B$33*'2- Data Entry'!$B$34*12) -> #DIV/0! | K13: =IF('2- Data Entry'!$B$36="si",(K5*'2- Data Entry'!$B$33*'2- Data Entry'!$B$34*12)*(1+'2- Data Entry'!$B$5)^(K11-$C$11),K5*'2- Data Entry'!$B$33*'2- Data Entry'!$B$34*12) -> #DIV/0! | ... AQ13: =IF('2- Data Entry'!$B$36="si",(AQ5*'2- Data Entry'!$B$33*'2- Data Entry'!$B$34*12)*(1+'2- Data Entry'!$B$5)^(AQ11-$C$11),AQ5*'2- Data Entry'!$B$33*'2- Data Entry'!$B$34*12) -> #DIV/0!
B14: New Connections | C14: =IF('2- Data Entry'!$B$36="Yes",IF(C5<'2- Data Entry'!B13,0,((C5-'2- Data Entry'!B13)*('2- Data Entry'!$B$35))*(1+'2- Data Entry'!$B$5)^(C11-$C$11)),IF(C5<'2- Data Entry'!B13,0,((C5-'2- Data Entry'!B13)*('2- Data Entry'!$B$35)))) -> #DIV/0! | D14: =IF('2- Data Entry'!$B$36="si",IF(D5<C5,0,((D5-C5)*('2- Data Entry'!$B$35))*(1+'2- Data Entry'!$B$5)^(D11-$C$11)),IF(D5<C5,0,((D5-C5)*('2- Data Entry'!$B$35)))) -> #DIV/0! | E14: =IF('2- Data Entry'!$B$36="si",IF(E5<D5,0,((E5-D5)*('2- Data Entry'!$B$35))*(1+'2- Data Entry'!$B$5)^(E11-$C$11)),IF(E5<D5,0,((E5-D5)*('2- Data Entry'!$B$35)))) -> #DIV/0! | F14: =IF('2- Data Entry'!$B$36="si",IF(F5<E5,0,((F5-E5)*('2- Data Entry'!$B$35))*(1+'2- Data Entry'!$B$5)^(F11-$C$11)),IF(F5<E5,0,((F5-E5)*('2- Data Entry'!$B$35)))) -> #DIV/0! | G14: =IF('2- Data Entry'!$B$36="si",IF(G5<F5,0,((G5-F5)*('2- Data Entry'!$B$35))*(1+'2- Data Entry'!$B$5)^(G11-$C$11)),IF(G5<F5,0,((G5-F5)*('2- Data Entry'!$B$35)))) -> #DIV/0! | H14: =IF('2- Data Entry'!$B$36="si",IF(H5<G5,0,((H5-G5)*('2- Data Entry'!$B$35))*(1+'2- Data Entry'!$B$5)^(H11-$C$11)),IF(H5<G5,0,((H5-G5)*('2- Data Entry'!$B$35)))) -> #DIV/0! | I14: =IF('2- Data Entry'!$B$36="si",IF(I5<H5,0,((I5-H5)*('2- Data Entry'!$B$35))*(1+'2- Data Entry'!$B$5)^(I11-$C$11)),IF(I5<H5,0,((I5-H5)*('2- Data Entry'!$B$35)))) -> #DIV/0! | J14: =IF('2- Data Entry'!$B$36="si",IF(J5<I5,0,((J5-I5)*('2- Data Entry'!$B$35))*(1+'2- Data Entry'!$B$5)^(J11-$C$11)),IF(J5<I5,0,((J5-I5)*('2- Data Entry'!$B$35)))) -> #DIV/0! | K14: =IF('2- Data Entry'!$B$36="si",IF(K5<J5,0,((K5-J5)*('2- Data Entry'!$B$35))*(1+'2- Data Entry'!$B$5)^(K11-$C$11)),IF(K5<J5,0,((K5-J5)*('2- Data Entry'!$B$35)))) -> #DIV/0! | ... AQ14: =IF('2- Data Entry'!$B$36="si",IF(AQ5<AP5,0,((AQ5-AP5)*('2- Data Entry'!$B$35))*(1+'2- Data Entry'!$B$5)^(AQ11-$C$11)),IF(AQ5<AP5,0,((AQ5-AP5)*('2- Data Entry'!$B$35)))) -> #DIV/0!
B15: Fees | C15: =IF('2- Data Entry'!$B$36="Yes",'2- Data Entry'!$B$37*(1+'2- Data Entry'!$B$5)^(C11-$C$11),'2- Data Entry'!$B$37) -> 0 | D15: =IF('2- Data Entry'!$B$36="si",'2- Data Entry'!$B$37*(1+'2- Data Entry'!$B$5)^(D11-$C$11),'2- Data Entry'!$B$37) -> 0 | E15: =IF('2- Data Entry'!$B$36="si",'2- Data Entry'!$B$37*(1+'2- Data Entry'!$B$5)^(E11-$C$11),'2- Data Entry'!$B$37) -> 0 | F15: =IF('2- Data Entry'!$B$36="si",'2- Data Entry'!$B$37*(1+'2- Data Entry'!$B$5)^(F11-$C$11),'2- Data Entry'!$B$37) -> 0 | G15: =IF('2- Data Entry'!$B$36="si",'2- Data Entry'!$B$37*(1+'2- Data Entry'!$B$5)^(G11-$C$11),'2- Data Entry'!$B$37) -> 0 | H15: =IF('2- Data Entry'!$B$36="si",'2- Data Entry'!$B$37*(1+'2- Data Entry'!$B$5)^(H11-$C$11),'2- Data Entry'!$B$37) -> 0 | I15: =IF('2- Data Entry'!$B$36="si",'2- Data Entry'!$B$37*(1+'2- Data Entry'!$B$5)^(I11-$C$11),'2- Data Entry'!$B$37) -> 0 | J15: =IF('2- Data Entry'!$B$36="si",'2- Data Entry'!$B$37*(1+'2- Data Entry'!$B$5)^(J11-$C$11),'2- Data Entry'!$B$37) -> 0 | K15: =IF('2- Data Entry'!$B$36="si",'2- Data Entry'!$B$37*(1+'2- Data Entry'!$B$5)^(K11-$C$11),'2- Data Entry'!$B$37) -> 0 | ... AQ15: =IF('2- Data Entry'!$B$36="si",'2- Data Entry'!$B$37*(1+'2- Data Entry'!$B$5)^(AQ11-$C$11),'2- Data Entry'!$B$37) -> 0
B16: Emergency Funds | C16: =IF('2- Data Entry'!$B$36="Yes",'2- Data Entry'!$B$38*(1+'2- Data Entry'!$B$5)^(C11-$C$11),'2- Data Entry'!$B$38) -> 0 | D16: =IF('2- Data Entry'!$B$36="si",'2- Data Entry'!$B$38*(1+'2- Data Entry'!$B$5)^(D11-$C$11),'2- Data Entry'!$B$38) -> 0 | E16: =IF('2- Data Entry'!$B$36="si",'2- Data Entry'!$B$38*(1+'2- Data Entry'!$B$5)^(E11-$C$11),'2- Data Entry'!$B$38) -> 0 | F16: =IF('2- Data Entry'!$B$36="si",'2- Data Entry'!$B$38*(1+'2- Data Entry'!$B$5)^(F11-$C$11),'2- Data Entry'!$B$38) -> 0 | G16: =IF('2- Data Entry'!$B$36="si",'2- Data Entry'!$B$38*(1+'2- Data Entry'!$B$5)^(G11-$C$11),'2- Data Entry'!$B$38) -> 0 | H16: =IF('2- Data Entry'!$B$36="si",'2- Data Entry'!$B$38*(1+'2- Data Entry'!$B$5)^(H11-$C$11),'2- Data Entry'!$B$38) -> 0 | I16: =IF('2- Data Entry'!$B$36="si",'2- Data Entry'!$B$38*(1+'2- Data Entry'!$B$5)^(I11-$C$11),'2- Data Entry'!$B$38) -> 0 | J16: =IF('2- Data Entry'!$B$36="si",'2- Data Entry'!$B$38*(1+'2- Data Entry'!$B$5)^(J11-$C$11),'2- Data Entry'!$B$38) -> 0 | K16: =IF('2- Data Entry'!$B$36="si",'2- Data Entry'!$B$38*(1+'2- Data Entry'!$B$5)^(K11-$C$11),'2- Data Entry'!$B$38) -> 0 | ... AQ16: =IF('2- Data Entry'!$B$36="si",'2- Data Entry'!$B$38*(1+'2- Data Entry'!$B$5)^(AQ11-$C$11),'2- Data Entry'!$B$38) -> 0
B17: Contribution from users for replacement | C17: =IF(C24>0,IF('2- Data Entry'!$B$36="si",C5*'2- Data Entry'!$B$44*((1+'2- Data Entry'!$B$5)^('4-Summary Income & Expenditures'!C11-'2- Data Entry'!$B$4)),'4-Summary Income & Expenditures'!C5*'2- Data Entry'!$B$44),0) -> 0 | D17: =IF(D24>0,IF('2- Data Entry'!$B$36="si",D5*'2- Data Entry'!$B$44*((1+'2- Data Entry'!$B$5)^('4-Summary Income & Expenditures'!D11-'2- Data Entry'!$B$4)),'4-Summary Income & Expenditures'!D5*'2- Data Entry'!$B$44),0) -> 0 | E17: =IF(E24>0,IF('2- Data Entry'!$B$36="si",E5*'2- Data Entry'!$B$44*((1+'2- Data Entry'!$B$5)^('4-Summary Income & Expenditures'!E11-'2- Data Entry'!$B$4)),'4-Summary Income & Expenditures'!E5*'2- Data Entry'!$B$44),0) -> 0 | F17: =IF(F24>0,IF('2- Data Entry'!$B$36="si",F5*'2- Data Entry'!$B$44*((1+'2- Data Entry'!$B$5)^('4-Summary Income & Expenditures'!F11-'2- Data Entry'!$B$4)),'4-Summary Income & Expenditures'!F5*'2- Data Entry'!$B$44),0) -> 0 | G17: =IF(G24>0,IF('2- Data Entry'!$B$36="si",G5*'2- Data Entry'!$B$44*((1+'2- Data Entry'!$B$5)^('4-Summary Income & Expenditures'!G11-'2- Data Entry'!$B$4)),'4-Summary Income & Expenditures'!G5*'2- Data Entry'!$B$44),0) -> 0 | H17: =IF(H24>0,IF('2- Data Entry'!$B$36="si",H5*'2- Data Entry'!$B$44*((1+'2- Data Entry'!$B$5)^('4-Summary Income & Expenditures'!H11-'2- Data Entry'!$B$4)),'4-Summary Income & Expenditures'!H5*'2- Data Entry'!$B$44),0) -> 0 | I17: =IF(I24>0,IF('2- Data Entry'!$B$36="si",I5*'2- Data Entry'!$B$44*((1+'2- Data Entry'!$B$5)^('4-Summary Income & Expenditures'!I11-'2- Data Entry'!$B$4)),'4-Summary Income & Expenditures'!I5*'2- Data Entry'!$B$44),0) -> 0 | J17: =IF(J24>0,IF('2- Data Entry'!$B$36="si",J5*'2- Data Entry'!$B$44*((1+'2- Data Entry'!$B$5)^('4-Summary Income & Expenditures'!J11-'2- Data Entry'!$B$4)),'4-Summary Income & Expenditures'!J5*'2- Data Entry'!$B$44),0) -> 0 | ... AQ17: =IF(AQ24>0,IF('2- Data Entry'!$B$36="si",AQ5*'2- Data Entry'!$B$44*((1+'2- Data Entry'!$B$5)^('4-Summary Income & Expenditures'!AQ11-'2- Data Entry'!$B$4)),'4-Summary Income & Expenditures'!AQ5*'2- Data Entry'!$B$44),0) -> 0
B18: Bank Balance Interest | C18: =('2- Data Entry'!$B$39*'2- Data Entry'!$B$40)*(1+'2- Data Entry'!$B$40)^('4-Summary Income & Expenditures'!C$11-'2- Data Entry'!$B$4) -> 0 | D18: =('2- Data Entry'!$B$39*'2- Data Entry'!$B$40)*(1+'2- Data Entry'!$B$40)^('4-Summary Income & Expenditures'!D$11-'2- Data Entry'!$B$4) -> 0 | E18: =('2- Data Entry'!$B$39*'2- Data Entry'!$B$40)*(1+'2- Data Entry'!$B$40)^('4-Summary Income & Expenditures'!E$11-'2- Data Entry'!$B$4) -> 0 | F18: =('2- Data Entry'!$B$39*'2- Data Entry'!$B$40)*(1+'2- Data Entry'!$B$40)^('4-Summary Income & Expenditures'!F$11-'2- Data Entry'!$B$4) -> 0 | G18: =('2- Data Entry'!$B$39*'2- Data Entry'!$B$40)*(1+'2- Data Entry'!$B$40)^('4-Summary Income & Expenditures'!G$11-'2- Data Entry'!$B$4) -> 0 | H18: =('2- Data Entry'!$B$39*'2- Data Entry'!$B$40)*(1+'2- Data Entry'!$B$40)^('4-Summary Income & Expenditures'!H$11-'2- Data Entry'!$B$4) -> 0 | I18: =('2- Data Entry'!$B$39*'2- Data Entry'!$B$40)*(1+'2- Data Entry'!$B$40)^('4-Summary Income & Expenditures'!I$11-'2- Data Entry'!$B$4) -> 0 | J18: =('2- Data Entry'!$B$39*'2- Data Entry'!$B$40)*(1+'2- Data Entry'!$B$40)^('4-Summary Income & Expenditures'!J$11-'2- Data Entry'!$B$4) -> 0 | ... AQ18: =('2- Data Entry'!$B$39*'2- Data Entry'!$B$40)*(1+'2- Data Entry'!$B$40)^('4-Summary Income & Expenditures'!AQ$11-'2- Data Entry'!$B$4) -> 0
B19: Interest on loans from members | C19: =('2- Data Entry'!$B$42*'2- Data Entry'!$B$43)*(1+'2- Data Entry'!$B$43)^('4-Summary Income & Expenditures'!C$11-'2- Data Entry'!$B$4) -> 0 | D19: =('2- Data Entry'!$B$42*'2- Data Entry'!$B$43)*(1+'2- Data Entry'!$B$43)^('4-Summary Income & Expenditures'!D$11-'2- Data Entry'!$B$4) -> 0 | E19: =('2- Data Entry'!$B$42*'2- Data Entry'!$B$43)*(1+'2- Data Entry'!$B$43)^('4-Summary Income & Expenditures'!E$11-'2- Data Entry'!$B$4) -> 0 | F19: =('2- Data Entry'!$B$42*'2- Data Entry'!$B$43)*(1+'2- Data Entry'!$B$43)^('4-Summary Income & Expenditures'!F$11-'2- Data Entry'!$B$4) -> 0 | G19: =('2- Data Entry'!$B$42*'2- Data Entry'!$B$43)*(1+'2- Data Entry'!$B$43)^('4-Summary Income & Expenditures'!G$11-'2- Data Entry'!$B$4) -> 0 | H19: =('2- Data Entry'!$B$42*'2- Data Entry'!$B$43)*(1+'2- Data Entry'!$B$43)^('4-Summary Income & Expenditures'!H$11-'2- Data Entry'!$B$4) -> 0 | I19: =('2- Data Entry'!$B$42*'2- Data Entry'!$B$43)*(1+'2- Data Entry'!$B$43)^('4-Summary Income & Expenditures'!I$11-'2- Data Entry'!$B$4) -> 0 | J19: =('2- Data Entry'!$B$42*'2- Data Entry'!$B$43)*(1+'2- Data Entry'!$B$43)^('4-Summary Income & Expenditures'!J$11-'2- Data Entry'!$B$4) -> 0 | ... AQ19: =('2- Data Entry'!$B$42*'2- Data Entry'!$B$43)*(1+'2- Data Entry'!$B$43)^('4-Summary Income & Expenditures'!AQ$11-'2- Data Entry'!$B$4) -> 0
B20: Total Annual Income | C20: =SUM(C13:C19) -> #DIV/0! | D20: =SUM(D13:D19) -> #DIV/0! | E20: =SUM(E13:E19) -> #DIV/0! | F20: =SUM(F13:F19) -> #DIV/0! | G20: =SUM(G13:G19) -> #DIV/0! | H20: =SUM(H13:H19) -> #DIV/0! | I20: =SUM(I13:I19) -> #DIV/0! | J20: =SUM(J13:J19) -> #DIV/0! | ... AQ20: =SUM(AQ13:AQ19) -> #DIV/0!
B22: Cost
B23: Costs of maintenance and minor operations | C23: ='3-Cost Projections'!H36 -> #REF! | D23: ='3-Cost Projections'!I36 -> #REF! | E23: ='3-Cost Projections'!J36 -> #REF! | F23: ='3-Cost Projections'!K36 -> #REF! | G23: ='3-Cost Projections'!L36 -> #REF! | H23: ='3-Cost Projections'!M36 -> #REF! | I23: ='3-Cost Projections'!N36 -> #REF! | J23: ='3-Cost Projections'!O36 -> #REF! | ... AQ23: ='3-Cost Projections'!AV36 -> #REF!
B24: Replacement costs | C24: ='3-Cost Projections'!H52 -> 0 | D24: ='3-Cost Projections'!I52 -> 0 | E24: ='3-Cost Projections'!J52 -> 0 | F24: ='3-Cost Projections'!K52 -> 0 | G24: ='3-Cost Projections'!L52 -> 0 | H24: ='3-Cost Projections'!M52 -> 0 | I24: ='3-Cost Projections'!N52 -> 0 | J24: ='3-Cost Projections'!O52 -> 0 | ... AQ24: ='3-Cost Projections'!AV52 -> 0
B25: Total Annual Costs | C25: =SUM(C23:C24) -> #REF! | D25: =SUM(D23:D24) -> #REF! | E25: =SUM(E23:E24) -> #REF! | F25: =SUM(F23:F24) -> #REF! | G25: =SUM(G23:G24) -> #REF! | H25: =SUM(H23:H24) -> #REF! | I25: =SUM(I23:I24) -> #REF! | J25: =SUM(J23:J24) -> #REF! | ... AQ25: =SUM(AQ23:AQ24) -> #REF!
B27: Annual Balance | C27: =C20-25 -> #DIV/0! | D27: =D20-D25 -> #DIV/0! | E27: =E20-E25 -> #DIV/0! | F27: =F20-F25 -> #DIV/0! | G27: =G20-G25 -> #DIV/0! | H27: =H20-H25 -> #DIV/0! | I27: =I20-I25 -> #DIV/0! | J27: =J20-J25 -> #DIV/0! | K27: =K20-K25 -> #DIV/0! | ... AQ27: =AQ20-AQ25 -> #DIV/0!
B29: Table 3.3: Projected Cash Flow
B30: Year | C30: ='2- Data Entry'!B4 -> 0 | D30: =C11+1 -> 1 | E30: =D11+1 -> 2 | F30: =E11+1 -> 3 | G30: =F11+1 -> 4 | H30: =G11+1 -> 5 | I30: =H11+1 -> 6 | J30: =I11+1 -> 7 | K30: =J11+1 -> 8 | ... AQ30: =AP11+1 -> 40
B31: Balance | C31: =C27 -> #DIV/0! | D31: =D27 -> #DIV/0! | E31: =E27 -> #DIV/0! | F31: =F27 -> #DIV/0! | G31: =G27 -> #DIV/0! | H31: =H27 -> #DIV/0! | I31: =I27 -> #DIV/0! | J31: =J27 -> #DIV/0! | ... AQ31: =AQ27 -> #DIV/0!
B32: Amount in Account | C32: =C27+'2- Data Entry'!$B$39+'2- Data Entry'!$B$41+'2- Data Entry'!$B$42 -> #DIV/0! | D32: =C32+D27 -> #DIV/0! | E32: =D32+E27 -> #DIV/0! | F32: =E32+F27 -> #DIV/0! | G32: =F32+G27 -> #DIV/0! | H32: =G32+H27 -> #DIV/0! | I32: =H32+I27 -> #DIV/0! | J32: =I32+J27 -> #DIV/0! | K32: =J32+K27 -> #DIV/0! | ... AQ32: =AP32+AQ27 -> #DIV/0!

Sheet 5-Graphics
B1: WATER FOR PEOPLE - WORLD WATER CORPSTM
B2: AtWhatCost - Gráficos
B5: Tabla 3.1: Proposed Flat Fee/Base Fee Rate Structure
B6: Year | D6: ='4-Summary Income & Expenditures'!C11 -> 0 | E6: ='4-Summary Income & Expenditures'!D11 -> 1 | F6: ='4-Summary Income & Expenditures'!E11 -> 2 | G6: ='4-Summary Income & Expenditures'!F11 -> 3 | H6: ='4-Summary Income & Expenditures'!G11 -> 4 | I6: ='4-Summary Income & Expenditures'!H11 -> 5 | J6: ='4-Summary Income & Expenditures'!I11 -> 6 | K6: ='4-Summary Income & Expenditures'!J11 -> 7 | ... Y6: ='4-Summary Income & Expenditures'!X11 -> 21
B7: Rate Increases
B8: 1. Annual Increases
B9: 2. Biannual Increases
B10: 2. Three Year Increases
B11: 2. Five Year Increases
B12: Rate Requirement per HH - Annual
B13: Rate Requirement per HH - Monthly
B14: HH Income
B15: Rate Requirement - % of HH Income
B17: Table 3.1: Proposed Metered Rate Structure
B18: Year | D18: ='4-Summary Income & Expenditures'!C11 -> 0 | E18: ='4-Summary Income & Expenditures'!D11 -> 1 | F18: ='4-Summary Income & Expenditures'!E11 -> 2 | G18: ='4-Summary Income & Expenditures'!F11 -> 3 | H18: ='4-Summary Income & Expenditures'!G11 -> 4 | I18: ='4-Summary Income & Expenditures'!H11 -> 5 | J18: ='4-Summary Income & Expenditures'!I11 -> 6 | K18: ='4-Summary Income & Expenditures'!J11 -> 7 | ... Y18: ='4-Summary Income & Expenditures'!X11 -> 21
B19: Base Fee | C19: 0.6
B20: Tier 1 | C20: 0.2
B21: Tier 2 | C21: 0.2
B22: Tier 3

Sheet 6-Reference Data
A1: Source: Technical regulations and design parameters for water systems
A2: Reference Data: System Lifetime | B2: Years
A3: Bucket/Washer | B3: 0.5 | E3: Reference Data: Deflator of GDP and Market Exchange Rate
A4: Lower and Upper Valves | B4: 0.5 | E4: Year | F4: Multiplier* | G4: Market Exchange Rate
A5: Connecting Rods | B5: 0.5 | E5: 2000 | F5: 2.7 | G5: 2400
A6: Rising Main (Pipe) & Socket | B6: 0.5 | D6: 2001 | E6: 2.63 | F6: 2400
A7: Shed / Fence | B7: 0.5 | D7: 2002 | E7: 2.6 | F7: 2400
A8: Soak Pit with a polythene paper | B8: 0.5 | D8: 2003 | E8: 2.75 | F8: 2400
A9: Bolts and Nuts | B9: 0.5 | D9: 2004 | E9: 2.24 | F9: 2400
A10: Greasing | B10: =1/12 -> 0.083333333 | D10: 2005 | E10: 1.97 | F10: 2400
A11: Chain | B11: 1 | D11: 2006 | E11: 1.8 | F11: 2400
A12: Bearings | B12: 1 | D12: 2007 | E12: 1.64 | F12: 2400
A13: Connecting Rods | B13: 5 | D13: 2008 | E13: 1.49 | F13: 2400
A14: Pump Head with handle | B14: 10 | D14: 2009 | E14: 1.32 | F14: 2400
A15: Water tank | B15: 10 | D15: 2010 | E15: 1.21 | F15: 2400
A16: Rising Mains (Pipes) | B16: 10 | D16: 2011 | E16: 1.16 | F16: 2400
A17: Pedestal | B17: 10 | D17: 2012 | E17: 1.06 | F17: 2400
A18: Cylinder | B18: 10 | D18: 2013 | E18: 1 | F18: 2400
A19: Platform | B19: 10 | D19: 2014 | E19: 1 | F19: 2400
A20: Drain | B20: 10
A21: Soak Pit | B21: 10 | D21: *Calculated by GDP deflation index (annual %)
A22: Shed | B22: 2 | D22: Source: http://databank.worldbank.org/data/home.aspx
